Workbook

Sheet REV
A1: Municipio de Atarjea, Gto. | C1: Ejercicio: | D1: 2025
A2: Reglas de Validación | C2: Periodicidad: | D2: Trimestral
A3: Correspondiente del 1 de Enero al 31 de Marzo de 2025 | C3: Corte: | D3: 1
A5: Clave_RV | B5: Regla | C5: Estados Financieros | D5: Cumplimiento a la Regla
A6: 01 ACT-ESF 01 | B6: Las cifras de la fila de Resultados del Ejercicio (Ahorro/Desahorro) de las columnas 20XN y 20XN-1, deben ser las mismas que se muestran en el Estado de Situación Financiera en la fila y columnas mencionadas. | C6: Estado de Actividades Estado de Situación Financiera | D6: =IF(('REV Det'!G7+'REV Det'!L7)=0,"Si cumple la regla","No cumple la regla") -> No cumple la regla
A7: 02 ACT-VHP 01 | B7: La cifra de la fila de Resultados del Ejercicio (Ahorro / Desahorro) de la columna 20XN, debe ser la misma con la que se muestra en el Estado de Variación en la Hacienda Pública en la fila de Resultados del Ejercicio (Ahorro/Desahorro) del apartado Variaciones de la Hacienda Pública/Patrimonio Generado Neto de 20XN, en la columna de Hacienda Pública / Patrimonio Generado del Ejercicio. | C7: Estado de Actividades Estado de Variación en la Hacienda Pública | D7: =IF(('REV Det'!G8+'REV Det'!L8)=0,"Si cumple la regla","No cumple la regla") -> No cumple la regla
A8: 02 ACT-VHP 02 | B8: La cifra de la fila de Resultados del Ejercicio (Ahorro / Desahorro) de la columna 20XN-1, debe ser la misma que se muestra en el Estado de Variación en la Hacienda Pública en la fila de Resultados del Ejercicio (Ahorro/Desahorro) del apartado Hacienda Pública/Patrimonio Generado Neto de 20XN-1, en la columna de Hacienda Pública / Patrimonio Generado del Ejercicio. | C8: Estado de Actividades Estado de Variación en la Hacienda Pública | D8: =IF(('REV Det'!G9+'REV Det'!L9)=0,"Si cumple la regla","No cumple la regla") -> No cumple la regla
A9: 02 ACT-VHP 03 | B9: La cifra de la fila de Resultados del Ejercicio (Ahorro / Desahorro) de la columna 20XN-1, debe ser la misma que se muestra en el Estado de Variación en la Hacienda Pública, en la fila Resultados de Ejercicios Anteriores del apartado Variaciones de la Hacienda Pública / Patrimonio Generado Neto de 20XN, en la columna Hacienda Pública / Patrimonio Generado del Ejercicio, con naturaleza contraria. | C9: Estado de Actividades Estado de Variación en la Hacienda Pública | D9: =IF(('REV Det'!G10+'REV Det'!L10)=0,"Si cumple la regla","No cumple la regla") -> No cumple la regla
A10: 03 ESF-ACT 01 | B10: Las cifras de la fila de Resultados del Ejercicio (Ahorro/Desahorro) de las columnas 20XN y 20XN-1, deben ser las obtenidas en el Estado de Actividades en la fila y columnas mencionadas. | C10: Estado de Situación Financiera Estado de Actividades | D10: =IF(('REV Det'!G11+'REV Det'!L11)=0,"Si cumple la regla","No cumple la regla") -> No cumple la regla
A11: 04 ESF-EAA 01 | B11: Las cifras de las filas de los rubros del Activo de las columnas 20XN y 20XN-1, deben ser las mismas que se muestran en el Estado Analítico del Activo en las filas de Activo en las columnas de Saldo Final y de Saldo Inicial respectivamente. | C11: Estado de Situación Financiera Estado Analítico del Activo | D11: =IF((SUM('REV Det'!G12:G27,'REV Det'!L12:L27))=0, "Si cumple la regla","No cumple la regla") -> Si cumple la regla
A12: 05 ESF-EFE 01 | B12: Las cifras de la fila de Efectivo y Equivalentes de las columnas 20XN y 20XN-1, deben ser las mismas que se muestran en el Estado de Flujos de Efectivo en la fila de Efectivo y Equivalentes al Efectivo al Final del Ejercicio en las columnas mencionadas. | C12: Estado de Situación Financiera Estado de Flujos de Efectivo | D12: =IF(('REV Det'!G28+'REV Det'!L28)=0,"Si cumple la regla","No cumple la regla") -> Si cumple la regla
A13: 05 ESF-EFE 02 | B13: La cifra de la fila de Efectivo y Equivalentes de la columna 20XN-1, debe ser la misma que se muestra en el Estado de Flujos de Efectivo en la fila de Efectivo y Equivalentes al Efectivo al Inicio del Ejercicio en la columna 20XN. | C13: Estado de Situación Financiera Estado de Flujos de Efectivo | D13: =IF(('REV Det'!G29+'REV Det'!L29)=0,"Si cumple la regla","No cumple la regla") -> Si cumple la regla
A14: 06 ESF-ESF 01 | B14: Las cifras de la fila de Total del Activo de las columnas 20XN y 20XN-1, deben ser las mismas que se muestran en la fila de Total del Pasivo y Hacienda Pública/Patrimonio en las columnas mencionadas. | C14: Estado de Situación Financiera Estado de Situación Financiera | D14: =IF(('REV Det'!G30+'REV Det'!L30)=0,"Si cumple la regla","No cumple la regla") -> No cumple la regla
A15: 07 ESF-ADP 01 | B15: Las cifras de la fila de Total del Pasivo de las columnas 20XN y 20XN-1, deben ser las mismas que se muestran en el Estado Analítico de la Deuda y Otros Pasivos en la fila de Total de Deuda Pública y Otros Pasivos en las columnas de Saldo Final del Periodo y de Saldo Inicial del Periodo respectivamente. | C15: Estado de Situación Financiera Estado Analítico de la Deuda y Otros pasivos | D15: =IF(('REV Det'!G31+'REV Det'!L31)=0,"Si cumple la regla","No cumple la regla") -> Si cumple la regla
A16: 08 ESF-VHP 01 | B16: La cifra de la fila de Hacienda Pública/Patrimonio Contribuido de la columna 20XN-1, debe ser la misma que se muestra en el Estado de Variación en la Hacienda Pública en la fila de Hacienda Pública/Patrimonio Contribuido Neto de 20XN-1 en las columnas de Hacienda Pública / Patrimonio Contribuido y Total. | C16: Estado de Situación Financiera Estado de Variación en la Hacienda Pública | D16: =IF((SUM('REV Det'!G32:G33,'REV Det'!L32:L33))=0, "Si cumple la regla","No cumple la regla") -> Si cumple la regla
A17: 08 ESF-VHP 02 | B17: La cifra de la fila de Hacienda Pública/Patrimonio Generado de la columna 20XN-1, debe ser la misma que se muestra en el Estado de Variación en la Hacienda Pública en la fila de Hacienda Pública/Patrimonio Generado Neto de 20XN-1 en la columna Total. | C17: Estado de Situación Financiera Estado de Variación en la Hacienda Pública | D17: =IF(('REV Det'!G34+'REV Det'!L34)=0,"Si cumple la regla","No cumple la regla") -> Si cumple la regla
A18: 08 ESF-VHP 03 | B18: La cifra de la fila de Exceso o Insuficiencia en la Actualización de la Hacienda Pública/Patrimonio de la columna 20XN-1, debe ser la misma que se muestra en el Estado de Variación en la Hacienda Pública en la fila de Exceso o Insuficiencia en la Actualización de la Hacienda Pública/Patrimonio Neto de 20XN-1 en las columnas de Exceso o Insuficiencia en la Actualización de la Hacienda Pública / Patrimonio y Total. | C18: Estado de Situación Financiera Estado de Variación en la Hacienda Pública | D18: =IF((SUM('REV Det'!G35:G36,'REV Det'!L35:L36))=0, "Si cumple la regla","No cumple la regla") -> Si cumple la regla
A19: 08 ESF-VHP 04 | B19: Las cifras de la fila de Total Hacienda Pública/Patrimonio de las columnas 20XN y 20XN-1, deben ser las mismas según corresponda, con las que se muestran en el Estado de Variación en la Hacienda Pública en las filas de la Hacienda Pública/Patrimonio Neto Final de 20XN y Hacienda Pública/Patrimonio Neto Final de 20XN-1 en la columna de Total respectivamente. | C19: Estado de Situación Financiera Estado de Variación en la Hacienda Pública | D19: =IF(('REV Det'!G37+'REV Det'!L37)=0,"Si cumple la regla","No cumple la regla") -> Si cumple la regla
A20: 09 VHP-ESF 01 | B20: La cifra de la fila de Hacienda Pública/Patrimonio Contribuido Neto de 20XN-1 de la columna de Hacienda Pública / Patrimonio Contribuido y columna Total, deben ser las mismas que se muestra en el Estado de Situación Financiera en la fila de Hacienda Pública/Patrimonio Contribuido en la columna 20XN-1. | C20: Estado de Variación en la Hacienda Pública Estado de Situación Financiera | D20: =IF((SUM('REV Det'!G38:G39,'REV Det'!L38:L39))=0, "Si cumple la regla","No cumple la regla") -> Si cumple la regla
A21: 09 VHP-ESF 02 | B21: La cifra de la fila de Hacienda Pública/Patrimonio Generado Neto de 20XN-1 de la columna Total, debe ser la misma que se muestra en el Estado de Situación Financiera en la fila de Hacienda Pública/Patrimonio Generado en la columna 20XN-1. | C21: Estado de Variación en la Hacienda Pública Estado de Situación Financiera | D21: =IF(('REV Det'!G40+'REV Det'!L40)=0,"Si cumple la regla","No cumple la regla") -> Si cumple la regla
A22: 09 VHP-ESF 03 | B22: La cifra de la fila de Exceso o Insuficiencia en la Actualización de la Hacienda Pública/Patrimonio Neto de 20XN-1 de la columna de Exceso o Insuficiencia en la Actualización de la Hacienda Pública / Patrimonio y columna Total, deben ser las mismas que se muestra en el Estado de Situación Financiera en la fila de Exceso o Insuficiencia en la Actualización de la Hacienda Pública/Patrimonio en la columna 20XN-1. | C22: Estado de Variación en la Hacienda Pública Estado de Situación Financiera | D22: =IF((SUM('REV Det'!G41:G42,'REV Det'!L41:L42))=0, "Si cumple la regla","No cumple la regla") -> Si cumple la regla
A23: 09 VHP-ESF 04 | B23: Las cifras de las filas de Hacienda Pública/Patrimonio Neto Final de 20XN-1 y de Hacienda Pública/Patrimonio Neto Final de 20XN de la columna de Total, deben ser las mismas según corresponda, con las que se muestran en el Estado de Situación Financiera en la fila de Total Hacienda Pública/Patrimonio en las columnas 20XN-1 y 20XN. | C23: Estado de Variación en la Hacienda Pública Estado de Situación Financiera | D23: =IF(('REV Det'!G43+'REV Det'!L43)=0,"Si cumple la regla","No cumple la regla") -> Si cumple la regla
A24: 10 VHP-CSF 01 | B24: Las cifras de las variaciones de las filas Aportaciones, Donaciones de Capital y Actualización de la columna Hacienda Pública / Patrimonio Contribuido del apartado Cambios en la Hacienda Pública/Patrimonio Contribuido Neto de 20XN, deben ser las mismas que se muestran en el Estado de Cambios en la Situación Financiera en el apartado Hacienda Pública/Patrimonio Contribuido de las filas mencionadas. | C24: Estado de Variación en la Hacienda Pública Estado de Cambios en la Situación Financiera | D24: =IF((SUM('REV Det'!G44:G46,'REV Det'!L44:L46))=0, "Si cumple la regla","No cumple la regla") -> Si cumple la regla
A25: 10 VHP-CSF 02 | B25: Las cifras de las variaciones de las filas Revalúos, Reservas y Rectificaciones de Resultados de Ejercicios Anteriores del apartado Variaciones de la Hacienda Pública/Patrimonio Generado Neto de 20XN de la columna Hacienda Pública / Patrimonio Generado del Ejercicio, deben ser las mismas que se muestran en el Estado de Cambios en la Situación Financiera en el apartado Hacienda Pública/Patrimonio Generado de las filas mencionadas. | C25: Estado de Variación en la Hacienda Pública Estado de Cambios en la Situación Financiera | D25: =IF((SUM('REV Det'!G47:G49,'REV Det'!L47:L49))=0, "Si cumple la regla","No cumple la regla") -> Si cumple la regla
A26: 10 VHP-CSF 03 | B26: La cifra de la variación de la fila Resultados de Ejercicios Anteriores del apartado Variaciones de la Hacienda Pública/Patrimonio Generado Neto de 20XN de la columna Hacienda Pública / Patrimonio Generado de Ejercicios Anteriores, debe ser la misma que se muestra en el Estado de Cambios en la Situación Financiera en el apartado Hacienda Pública/Patrimonio Generado de la fila mencionada. | C26: Estado de Variación en la Hacienda Pública Estado de Cambios en la Situación Financiera | D26: =IF(('REV Det'!G50+'REV Det'!L50)=0,"Si cumple la regla","No cumple la regla") -> Si cumple la regla
A27: 10 VHP-CSF 04 | B27: Las cifras de las variaciones en el apartado Cambios en el Exceso o Insuficiencia en la Actualización de la Hacienda Pública/Patrimonio Neto de 20XN en las filas Resultado por Posición Monetaria y Resultado por Tenencia de Activos no Monetarios de la columna Exceso o Insuficiencia en la Actualización de la Hacienda Pública/Patrimonio, deben ser las mismas que se muestran en el Estado de Cambios en la Situación Financiera en dicho concepto. | C27: Estado de Variación en la Hacienda Pública Estado de Cambios en la Situación Financiera | D27: =IF((SUM('REV Det'!G51:G52,'REV Det'!L51:L52))=0, "Si cumple la regla","No cumple la regla") -> Si cumple la regla
A28: 11 VHP-ACT 01 | B28: La cifra de la fila de Resultados del Ejercicio (Ahorro/Desahorro) del apartado Variaciones de la Hacienda Pública/Patrimonio Generado Neto de 20XN, en la columna de Hacienda Pública / Patrimonio Generado del Ejercicio debe ser la misma con la fila de Resultados del Ejercicio (Ahorro / Desahorro) de la columna 20XN del Estado de Actividades y del Estado de Situación Financiera. | C28: Estado de Variación en la Hacienda Pública Estado de Actividades | D28: =IF((SUM('REV Det'!G54:G55,'REV Det'!L54:L55))=0, "Si cumple la regla","No cumple la regla") -> No cumple la regla
A29: 11 VHP-ACT 02 | B29: La cifra de la fila de Resultados del Ejercicio (Ahorro/Desahorro) del apartado Hacienda Pública/Patrimonio Generado Neto de 20XN-1, en la columna de Hacienda Pública / Patrimonio Generado del Ejercicio debe ser la misma con la fila de Resultados del Ejercicio (Ahorro / Desahorro) de la columna 20XN-1 del Estado de Actividades y del Estado de Situación Financiera. | C29: Estado de Variación en la Hacienda Pública Estado de Actividades | D29: =IF((SUM('REV Det'!G56:G57,'REV Det'!L56:L57))=0, "Si cumple la regla","No cumple la regla") -> No cumple la regla
A30: 11 VHP-ACT 03 | B30: La cifra de la fila de Resultados de Ejercicios Anteriores del apartado Variaciones de la Hacienda Pública / Patrimonio Generado Neto de 20XN, en la columna Hacienda Pública / Patrimonio Generado del Ejercicio, con naturaleza contraria debe ser la misma en la fila de Resultados del Ejercicio (Ahorro / Desahorro) de la columna 20XN-1 del Estado de Actividades y del Estado de Situación Financiera. | C30: Estado de Variación en la Hacienda Pública Estado de Actividades | D30: =IF((SUM('REV Det'!G58:G59,'REV Det'!L58:L59))=0, "Si cumple la regla","No cumple la regla") -> No cumple la regla
A31: 12 VHP-CSF 01 | B31: La cifra de la fila de Resultados del Ejercicio (Ahorro/Desahorro) del apartado Variaciones de la Hacienda Pública/Patrimonio Generado Neto de 20XN, en la columna de Hacienda Pública / Patrimonio Generado del Ejercicio más la cifra de la fila de Resultados de Ejercicios Anteriores del apartado Variaciones de la Hacienda Pública / Patrimonio Generado Neto de 20XN, en la columna Hacienda Pública / Patrimonio Generado del Ejercicio, debe ser la misma con la fila de Resultados del Ejercicio (Ahorro / Desahorro) del Estado de Cambios en la Situación Financiera, si es positiva con el origen y si es negativa con la aplicación. | C31: Estado de Variación en la Hacienda Pública Estado de Cambios en la Situación Financiera | D31: =IF(('REV Det'!G53+'REV Det'!L53)=0,"Si cumple la regla","No cumple la regla") -> Si cumple la regla
A32: 13 CSF-EFE 01 | B32: La cifra obtenida en la fila de Efectivo y Equivalentes ya sea de la columna de Origen o de Aplicación, debe ser la misma que se muestra en el Estado de Flujos de Efectivo en la fila de Incremento/Disminución Neta en el Efectivo y Equivalentes al Efectivo de la columna 20XN. | C32: Estado de Cambios en la Situación Financiera Estado de Flujos de Efectivo | D32: =IF(('REV Det'!G60+'REV Det'!L60)=0,"Si cumple la regla","No cumple la regla") -> Si cumple la regla
A33: 14 CSF-EAA 01 | B33: Las cifras de las filas de los rubros de Activo en las columnas de Origen o Aplicación, deben ser las mismas según corresponda, con las que se muestran en el Estado Analítico del Activo en las filas de los rubros de Activo de la columna de Variación del Periodo. | C33: Estado de Cambios en la Situación Financiera Estado Analítico del Activo | D33: =IF((SUM('REV Det'!G61:G76,'REV Det'!L61:L76))=0, "Si cumple la regla","No cumple la regla") -> Si cumple la regla
A34: 15 CSF-VHP 01 | B34: A excepción del importe de Resultados del Ejercicio (Ahorro/Desahorro) y Resultados de Ejercicios Anteriores, todas las demás cifras de las filas del apartado Hacienda Pública / Patrimonio Generado del Estado de Cambios en la Situación Financiera deben ser las mismas con las filas de los rubros de Variaciones de la Hacienda Pública / Patrimonio Generado Neto de 20XN del Estado de Variación en la Hacienda Pública. | C34: Estado de Cambios en la Situación Financiera Estado de Variación en la Hacienda Pública | D34: =IF((SUM('REV Det'!G77:G79,'REV Det'!L77:L79))=0, "Si cumple la regla","No cumple la regla") -> Si cumple la regla
A35: 15 CSF-VHP 02 | B35: La cifra de la fila Resultados del Ejercicio (Ahorro/Desahorro) debe ser la misma que la suma de las cifras de los rubros Resultados del Ejercicio Ahorro / Desahorro y Resultados de Ejercicios Anteriores del apartado Variaciones de la Hacienda Pública / Patrimonio Generado Neto de 20XN del Estado de Variación en la Hacienda Pública. | C35: Estado de Cambios en la Situación Financiera Estado de Variación en la Hacienda Pública | D35: =IF(('REV Det'!G80+'REV Det'!L80)=0,"Si cumple la regla","No cumple la regla") -> Si cumple la regla
A36: 16 EFE-CSF 01 | B36: La cifra obtenida en la fila de Incremento/Disminución Neta en el Efectivo y Equivalentes al Efectivo de la columna 20XN, debe ser la misma que se muestra en el Estado de Cambios en la Situación Financiera en la fila de Efectivo y Equivalentes ya sea de la columna de Origen o de Aplicación. | C36: Estado de Flujos de Efectivo Estado de Cambios en la Situación Financiera | D36: =IF(('REV Det'!G81+'REV Det'!L81)=0,"Si cumple la regla","No cumple la regla") -> Si cumple la regla
A37: 17 EFE-ESF 01 | B37: Las cifras de la fila de Efectivo y Equivalentes al Efectivo al Final del Ejercicio de las columnas 20XN y 20XN-1, deben ser las mismas que se muestran en el Estado de Situación Financiera en la fila de Efectivo y Equivalentes en las columnas mencionadas. | C37: Estado de Flujos de Efectivo Estado de Situación Financiera | D37: =IF(('REV Det'!G82+'REV Det'!L82)=0,"Si cumple la regla","No cumple la regla") -> Si cumple la regla
A38: 17 EFE-ESF 02 | B38: La cifra de la fila de Efectivo y Equivalentes al Efectivo al Inicio del Ejercicio de la columna 20XN, debe ser la misma que se muestra en el Estado de Situación Financiera en la fila de Efectivo y Equivalentes de la columna 20XN-1. | C38: Estado de Flujos de Efectivo Estado de Situación Financiera | D38: =IF(('REV Det'!G83+'REV Det'!L83)=0,"Si cumple la regla","No cumple la regla") -> Si cumple la regla
A39: 18 EAA-ESF 01 | B39: Las cifras de las filas de los rubros de Activo de las columnas de Saldo Final y de Saldo Inicial, deben ser las mismas que se muestran en el Estado de Situación Financiera en las filas de los rubros del Activo de las columnas 20XN y 20XN-1 respectivamente. | C39: Estado Analítico del Activo Estado de Situación Financiera | D39: =IF((SUM('REV Det'!G84:G99,'REV Det'!L84:L99))=0, "Si cumple la regla","No cumple la regla") -> Si cumple la regla
A40: 19 EAA-CSF 01 | B40: Las cifras de las filas de los rubros de Activo de la columna de Variación del Periodo, deben ser las mismas que se muestran en el Estado de Cambios en la Situación Financiera en las filas de los rubros del Activo en las columnas de Origen o Aplicación. | C40: Estado Analítico del Activo Estado de Cambios en la Situación Financiera | D40: =IF((SUM('REV Det'!G100:G115,'REV Det'!L100:L115))=0, "Si cumple la regla","No cumple la regla") -> Si cumple la regla
A41: 20 ADP-ESF 01 | B41: Los saldos de la fila de Total de Deuda Pública y Otros Pasivos en las columnas de Saldo Inicial del Periodo y de Saldo Final del Periodo deben coincidir según corresponda, con el Estado de Situación Financiera en la fila del Total del Pasivo de las columnas 20XN-1 y 20XN respectivamente. | C41: Estado Analítico de la Deuda y Otros pasivos Estado de Situación Financiera | D41: =IF(('REV Det'!G116+'REV Det'!L116)=0,"Si cumple la regla","No cumple la regla") -> Si cumple la regla
A42: 01 EAI - NDM_Mem 01 | B42: La cifra de la fila de “Total del Ingreso” de la columna “Estimado” deberá coincidir con el saldo representado del rubro 8.1.1 Ley de Ingresos Estimada de las notas de memoria | C42: Notas de memoria Estado Analitico del ingreso | D42: =+IF('Rev Det P'!I7=0,"Si cumple la regla", "No cumple la regla") -> Si cumple la regla
A43: 02 EAI - NDM_Mem 02 | B43: La cifra de la fila de “Total del Ingreso” de la columna “Ampliaciones/ (Reducciones)” deberá coincidir con el saldo al periodo que se reporta del rubro 8.1.3 Modificaciones a la Ley de Ingresos Estimada de las notas de memoria | C43: Notas de memoria Estado Analitico del ingreso | D43: =+IF('Rev Det P'!I8=0,"Si cumple la regla", "No cumple la regla") -> Si cumple la regla
A44: 03 EAI - NDM_Mem 03 | B44: La cifra de la fila de “Total del Ingreso” de la columna “Devengado” deberá coincidir con la suma del saldo del rubro 8.1.4 Ley de Ingresos Devengada mas el saldo del rubro 8.1.5 Ley de ingresos recaudada del periodo que se reporta de las notas de memoria | C44: Notas de memoria Estado Analitico del ingreso | D44: =+IF('Rev Det P'!I9=0,"Si cumple la regla", "No cumple la regla") -> Si cumple la regla
A45: 04 EAI - NDM_Mem 04 | B45: La cifra de la fila de “Total del Ingreso” de la columna “Recaudado” deberá coincidir con el saldo del rubro 8.1.5 Ley de Ingresos Recaudada del periodo que se informa de la Nota de Memoria. | C45: Notas de memoria Estado Analitico del ingreso | D45: =+IF('Rev Det P'!I10=0,"Si cumple la regla", "No cumple la regla") -> Si cumple la regla
A46: 01 EAE - NDM_Mem 01 | B46: La cifra de la fila “Total del Egreso” de la columna “Aprobado” deberá coincidir con el saldo del rubro 8.2.1 Presupuesto de Egresos Aprobado de la Nota de Memoria. | C46: Notas de memoria Estado Analítico del Ejercicio del Presupuesto de Egresos | D46: =IF(AND('Rev Det P'!I12=0, 'Rev Det P'!I17=0, 'Rev Det P'!I22=0, 'Rev Det P'!I27=0), "Si cumple la regla", "No cumple la regla") -> Si cumple la regla
A47: 02 EAE - NDM_Mem 02 | B47: La cifra de la fila “Total del Egreso” de la columna “Ampliaciones/ (Reducciones)” deberá coincidir con el saldo del rubro 8.2.3 Modificaciones al Presupuesto de Egresos Aprobado al periodo que se reporta en la Nota de Memoria. | C47: Notas de memoria Estado Analítico del Ejercicio del Presupuesto de Egresos | D47: =IF(AND('Rev Det P'!I13=0, 'Rev Det P'!I18=0, 'Rev Det P'!I23=0, 'Rev Det P'!I28=0), "Si cumple la regla", "No cumple la regla") -> Si cumple la regla
A48: 03 EAE - NDM_Mem 03 | B48: La cifra de la fila “Total del Egreso” de la columna “Devengado” deberá coincidir con la suma de los saldos del total del rubro 8.2.5 Presupuesto de Egresos Devengado del periodo que se reporta y del rubro 8.2.6 Presupueso de Egresos Pagado de la Nota de Memoria. | C48: Notas de memoria Estado Analítico del Ejercicio del Presupuesto de Egresos | D48: =IF(AND('Rev Det P'!I14=0, 'Rev Det P'!I19=0, 'Rev Det P'!I24=0, 'Rev Det P'!I29=0), "Si cumple la regla", "No cumple la regla") -> Si cumple la regla
A49: 04 EAE - NDM_Mem 04 | B49: La cifra de la fila “Total del Egreso” de la columna “Pagado” deberá coincidir con el saldo del rubro 8.2.7 Presupuesto de Egresos Pagado del periodo que se reporta de la Nota de Memoria. | C49: Notas de memoria Estado Analítico del Ejercicio del Presupuesto de Egresos | D49: =IF(AND('Rev Det P'!I15=0, 'Rev Det P'!I20=0, 'Rev Det P'!I25=0, 'Rev Det P'!I30=0), "Si cumple la regla", "No cumple la regla") -> Si cumple la regla
A50: 01 ENT - IPF 01 | B50: El importe total de las columnas de contratación, amortización y endeudamiento neto deberán coincidir cuando corresponda con el monto presentado en el informe de Indicadores de Postura Fiscal en los conceptos financiamiento, amortización y financiamiento neto, respectivamente. | C50: Endeudamiento Neto Indicador de Postura Fiscal | D50: =IF(AND('Rev Det P'!I32=0, 'Rev Det P'!I33=0, 'Rev Det P'!I34=0), "Si cumple la regla", "No cumple la regla") -> Si cumple la regla
A51: 01 IND - EAE 05 | B51: El importe total de las columnas del devengado y pagado deberán coincidir con el monto presentado en el Estado Analítico del Ejercicio del Presupuesto de Egresos, clasificación por Objeto del Gasto en el concepto 9200 Intereses de la Deuda Pública. | C51: Intereses de la deuda Estado Analítico del Ejercicio del Presupuesto de Egresos | D51: =IF(AND('Rev Det P'!I36=0, 'Rev Det P'!I37=0), "Si cumple la regla", "No cumple la regla") -> Si cumple la regla
A52: 01 GCP - EAE 01 | B52: La cifra de la fila “Total del Egreso” de la columna “Aprobado” deberá ser la misma que se muestra en el Presupuesto de Egresos autorizado y coincidir con el saldo del rubro 8.2.1 Presupuesto de Egresos Aprobado. La cifra debe ser congruente con la línea de Presupuesto de Egresos Aprobado de la Nota de Memoria. | C52: Notas de memoria Gasto por Categoría Programática Estado Analítico del Ejercicio del Presupuesto de Egresos | D52: =+IF(AND('Rev Det P'!I39=0,'Rev Det P'!I44=0,'Rev Det P'!I49=0,'Rev Det P'!I54=0,'Rev Det P'!I59=0),"Si cumple la regla", "No cumple la regla") -> Si cumple la regla
A53: 02 GCP - EAE 02 | B53: La cifra de la fila “Total del Egreso” de la columna “Ampliaciones/ (Reducciones)” deberá coincidir con el saldo del rubro 8.2.3 Modificaciones al Presupuesto de Egresos Aprobado al periodo que se reporta. La cifra debe ser congruente con la línea de Modificaciones al Presupuesto de Egresos Aprobado de la Nota de Memoria. El saldo de dicha cuenta será acreedor cuando la diferencia entre ampliaciones y reducciones sea mayor, y cuando las reducciones sean mayores que las ampliaciones el saldo será deudor. | C53: Notas de memoria Gasto por Categoría Programática Estado Analítico del Ejercicio del Presupuesto de Egresos | D53: =+IF(AND('Rev Det P'!I40=0,'Rev Det P'!I45=0,'Rev Det P'!I50=0,'Rev Det P'!I55=0,'Rev Det P'!I60=0),"Si cumple la regla", "No cumple la regla") -> Si cumple la regla
A54: 03 GCP - EAE 03 | B54: La cifra de la fila “Total del Egreso” de la columna “Devengado” deberá coincidir con la suma del saldo del rubro 8.2.5 Presupuesto de Egresos Devengado y del rubro 8.2.6 Presupueso de Egresos Pagado del periodo que se reporta. La cifra debe ser congruente con la línea de Presupuesto de Egresos Devengado de la Nota de Memoria. | C54: Notas de memoria Gasto por Categoría Programática Estado Analítico del Ejercicio del Presupuesto de Egresos | D54: =+IF(AND('Rev Det P'!I41=0,'Rev Det P'!I46=0,'Rev Det P'!I51=0,'Rev Det P'!I56=0,'Rev Det P'!I61=0),"Si cumple la regla", "No cumple la regla") -> Si cumple la regla
A55: 04 GCP - EAE 04 | B55: La cifra de la fila de “Total del Egreso” de la columna “Pagado” deberá coincidir con el saldo del rubro 8.2.7 Presupuesto de Egresos Pagado del periodo que se reporta. La cifra debe ser congruente con la línea de Presupuesto de Egresos Pagado de la Nota de Memoria. | C55: Notas de memoria Gasto por Categoría Programática Estado Analítico del Ejercicio del Presupuesto de Egresos | D55: =+IF(AND('Rev Det P'!I42=0,'Rev Det P'!I47=0,'Rev Det P'!I52=0,'Rev Det P'!I57=0,'Rev Det P'!I62=0),"Si cumple la regla", "No cumple la regla") -> Si cumple la regla

Sheet REV Det
A1: =REV!A1 -> Municipio de Atarjea, Gto. | K1: Ejercicio: | L1: =REV!D1 -> 2025
A2: Reglas de Validación | K2: Periodicidad: | L2: Trimestral
A3: =REV!A3 -> Correspondiente del 1 de Enero al 31 de Marzo de 2025 | K3: Corte: | L3: =REV!D3 -> 1
A5: Clave_RV | B5: CRUCE/Concepto a validar | C5: 2022 | G5: DIFERENCIA | H5: 2021 | L5: DIFERENCIA | M5: CRUCE/Concepto a validar
C6: REPORTE | D6: IMPORTE | E6: REPORTE | F6: IMPORTE | H6: REPORTE | I6: IMPORTE | J6: REPORTE | K6: IMPORTE
A7: 01 ACT-ESF 01 | B7: Resultados del Ejercicio (Ahorro/ Desahorro) | C7: ACT | D7: =IF(ACT!B68>0,ACT!B68,ACT!B68*-1) -> 0 | E7: ESF | F7: =IF(ESF!E36>0,ESF!E36,ESF!E36*-1) -> 14765203 | G7: =ROUND(D7-F7,2) -> -14765203 | H7: ACT | I7: =IF(ACT!C68>0,ACT!C68,ACT!C68*-1) -> 0 | J7: ESF | K7: =IF(ESF!F36>0,ESF!F36,ESF!F36*-1) -> 20594987 | L7: =ROUND(I7-K7,2) -> -20594987 | M7: Resultados del Ejercicio (Ahorro/ Desahorro)
A8: 02 ACT-VHP 01 | B8: Resultados del Ejercicio (Ahorro/ Desahorro) | C8: ACT | D8: =IF(ACT!B68>0,ACT!B68,ACT!B68*-1) -> 0 | E8: VHP | F8: =IF(VHP!D28>0,VHP!D28,VHP!D28*-1) -> 14765203 | G8: =ROUND(D8-F8,2) -> -14765203 | M8: Resultados del Ejercicio (Ahorro/ Desahorro)
A9: 02 ACT-VHP 02 | B9: Resultados del Ejercicio (Ahorro/ Desahorro) | H9: ACT | I9: =IF(ACT!C68>0,ACT!C68,ACT!C68*-1) -> 0 | J9: VHP | K9: =IF(VHP!D10>0,VHP!D10,VHP!D10*-1) -> 20594987 | L9: =ROUND(I9-K9,2) -> -20594987 | M9: Resultados del Ejercicio (Ahorro/ Desahorro)
A10: 02 ACT-VHP 03 | B10: Resultados del Ejercicio (Ahorro/ Desahorro) | E10: VHP | F10: =IF(VHP!D29>0,VHP!D29,VHP!D29*-1) -> 20594987 | H10: ACT | I10: =IF(ACT!C68>0,ACT!C68,ACT!C68*-1) -> 0 | L10: =ROUND(F10-I10,2) -> 20594987 | M10: Resultados del Ejercicio (Ahorro/ Desahorro)
A11: 03 ESF-ACT 01 | B11: Resultados del Ejercicio (Ahorro/ Desahorro) | C11: ESF | D11: =IF(ESF!E36>0,ESF!E36,ESF!E36*-1) -> 14765203 | E11: ACT | F11: =IF(ACT!B68>0,ACT!B68,ACT!B68*-1) -> 0 | G11: =ROUND(D11-F11,2) -> 14765203 | H11: ESF | I11: =IF(ESF!F36>0,ESF!F36,ESF!F36*-1) -> 20594987 | J11: ACT | K11: =IF(ACT!C68>0,ACT!C68,ACT!C68*-1) -> 0 | L11: =ROUND(I11-K11,2) -> 20594987 | M11: Resultados del Ejercicio (Ahorro/ Desahorro)
A12: 04 ESF-EAA 01 | B12: Efectivo y Equivalentes | C12: ESF | D12: =IF(ESF!B5>0,ESF!B5,ESF!B5*-1) -> 22020315 | E12: EAA | F12: =IF(EAA!E5>0,EAA!E5,EAA!E5*-1) -> 22020315 | G12: =ROUND(D12-F12,2) -> 0 | H12: ESF | I12: =IF(ESF!C5>0,ESF!C5,ESF!C5*-1) -> 14623005 | J12: EAA | K12: =IF(EAA!B5>0,EAA!B5,EAA!B5*-1) -> 14623005 | L12: =ROUND(I12-K12,2) -> 0 | M12: Efectivo y Equivalentes
B13: Derechos a Recibir Efectivo o Equivalentes | C13: ESF | D13: =IF(ESF!B6>0,ESF!B6,ESF!B6*-1) -> 3545336.9 | E13: EAA | F13: =IF(EAA!E6>0,EAA!E6,EAA!E6*-1) -> 3545336.9 | G13: =ROUND(D13-F13,2) -> 0 | H13: ESF | I13: =IF(ESF!C6>0,ESF!C6,ESF!C6*-1) -> 3087891.2 | J13: EAA | K13: =IF(EAA!B6>0,EAA!B6,EAA!B6*-1) -> 3087891.2 | L13: =ROUND(I13-K13,2) -> 0 | M13: Derechos a Recibir Efectivo o Equivalentes
B14: Derechos a Recibir Bienes o Servicios | C14: ESF | D14: =IF(ESF!B7>0,ESF!B7,ESF!B7*-1) -> 636644.48 | E14: EAA | F14: =IF(EAA!E7>0,EAA!E7,EAA!E7*-1) -> 636644.48 | G14: =ROUND(D14-F14,2) -> 0 | H14: ESF | I14: =IF(ESF!C7>0,ESF!C7,ESF!C7*-1) -> 1752279.6 | J14: EAA | K14: =IF(EAA!B7>0,EAA!B7,EAA!B7*-1) -> 1752279.6 | L14: =ROUND(I14-K14,2) -> 0 | M14: Derechos a Recibir Bienes o Servicios
B15: Inventarios | C15: ESF | D15: =IF(ESF!B8>0,ESF!B8,ESF!B8*-1) -> 0 | E15: EAA | F15: =IF(EAA!E8>0,EAA!E8,EAA!E8*-1) -> 0 | G15: =ROUND(D15-F15,2) -> 0 | H15: ESF | I15: =IF(ESF!C8>0,ESF!C8,ESF!C8*-1) -> 0 | J15: EAA | K15: =IF(EAA!B8>0,EAA!B8,EAA!B8*-1) -> 0 | L15: =ROUND(I15-K15,2) -> 0 | M15: Inventarios
B16: Almacenes | C16: ESF | D16: =IF(ESF!B9>0,ESF!B9,ESF!B9*-1) -> 0 | E16: EAA | F16: =IF(EAA!E9>0,EAA!E9,EAA!E9*-1) -> 0 | G16: =ROUND(D16-F16,2) -> 0 | H16: ESF | I16: =IF(ESF!C9>0,ESF!C9,ESF!C9*-1) -> 0 | J16: EAA | K16: =IF(EAA!B9>0,EAA!B9,EAA!B9*-1) -> 0 | L16: =ROUND(I16-K16,2) -> 0 | M16: Almacenes
B17: Estimación por Pérdida o Deterioro de Activos Circulantes | C17: ESF | D17: =IF(ESF!B10>0,ESF!B10,ESF!B10*-1) -> 0 | E17: EAA | F17: =IF(EAA!E10>0,EAA!E10,EAA!E10*-1) -> 0 | G17: =ROUND(D17-F17,2) -> 0 | H17: ESF | I17: =IF(ESF!C10>0,ESF!C10,ESF!C10*-1) -> 0 | J17: EAA | K17: =IF(EAA!B10>0,EAA!B10,EAA!B10*-1) -> 0 | L17: =ROUND(I17-K17,2) -> 0 | M17: Estimación por Pérdida o Deterioro de Activos Circulantes
B18: Otros Activos Circulantes | C18: ESF | D18: =IF(ESF!B11>0,ESF!B11,ESF!B11*-1) -> 0 | E18: EAA | F18: =IF(EAA!E11>0,EAA!E11,EAA!E11*-1) -> 0 | G18: =ROUND(D18-F18,2) -> 0 | H18: ESF | I18: =IF(ESF!C11>0,ESF!C11,ESF!C11*-1) -> 0 | J18: EAA | K18: =IF(EAA!B11>0,EAA!B11,EAA!B11*-1) -> 0 | L18: =ROUND(I18-K18,2) -> 0 | M18: Otros Activos Circulantes
B19: Inversiones Financieras a Largo Plazo | C19: ESF | D19: =IF(ESF!B16>0,ESF!B16,ESF!B16*-1) -> 963755.72 | E19: EAA | F19: =IF(EAA!E13>0,EAA!E13,EAA!E13*-1) -> 963755.72 | G19: =ROUND(D19-F19,2) -> 0 | H19: ESF | I19: =IF(ESF!C16>0,ESF!C16,ESF!C16*-1) -> 963755.72 | J19: EAA | K19: =IF(EAA!B13>0,EAA!B13,EAA!B13*-1) -> 963755.72 | L19: =ROUND(I19-K19,2) -> 0 | M19: Inversiones Financieras a Largo Plazo
B20: Derechos a Recibir Efectivo o Equivalentes a Largo Plazo | C20: ESF | D20: =IF(ESF!B17>0,ESF!B17,ESF!B17*-1) -> 0 | E20: EAA | F20: =IF(EAA!E14>0,EAA!E14,EAA!E14*-1) -> 0 | G20: =ROUND(D20-F20,2) -> 0 | H20: ESF | I20: =IF(ESF!C17>0,ESF!C17,ESF!C17*-1) -> 0 | J20: EAA | K20: =IF(EAA!B14>0,EAA!B14,EAA!B14*-1) -> 0 | L20: =ROUND(I20-K20,2) -> 0 | M20: Derechos a Recibir Efectivo o Equivalentes a Largo Plazo
B21: Bienes Inmuebles, Infraestructura y Construcciones en Proceso | C21: ESF | D21: =IF(ESF!B18>0,ESF!B18,ESF!B18*-1) -> 2.787885e+08 | E21: EAA | F21: =IF(EAA!E15>0,EAA!E15,EAA!E15*-1) -> 2.787885e+08 | G21: =ROUND(D21-F21,2) -> 0 | H21: ESF | I21: =IF(ESF!C18>0,ESF!C18,ESF!C18*-1) -> 2.727852e+08 | J21: EAA | K21: =IF(EAA!B15>0,EAA!B15,EAA!B15*-1) -> 2.727852e+08 | L21: =ROUND(I21-K21,2) -> 0 | M21: Bienes Inmuebles, Infraestructura y Construcciones en Proceso
B22: Bienes Muebles | C22: ESF | D22: =IF(ESF!B19>0,ESF!B19,ESF!B19*-1) -> 32315358 | E22: EAA | F22: =IF(EAA!E16>0,EAA!E16,EAA!E16*-1) -> 32315358 | G22: =ROUND(D22-F22,2) -> 0 | H22: ESF | I22: =IF(ESF!C19>0,ESF!C19,ESF!C19*-1) -> 30760558 | J22: EAA | K22: =IF(EAA!B16>0,EAA!B16,EAA!B16*-1) -> 30760558 | L22: =ROUND(I22-K22,2) -> 0 | M22: Bienes Muebles
B23: Activos Intangibles | C23: ESF | D23: =IF(ESF!B20>0,ESF!B20,ESF!B20*-1) -> 112810 | E23: EAA | F23: =IF(EAA!E17>0,EAA!E17,EAA!E17*-1) -> 112810 | G23: =ROUND(D23-F23,2) -> 0 | H23: ESF | I23: =IF(ESF!C20>0,ESF!C20,ESF!C20*-1) -> 112810 | J23: EAA | K23: =IF(EAA!B17>0,EAA!B17,EAA!B17*-1) -> 112810 | L23: =ROUND(I23-K23,2) -> 0 | M23: Activos Intangibles
B24: Depreciación, Deterioro y Amortización Acumulada de Bienes | C24: ESF | D24: =IF(ESF!B21>0,ESF!B21,ESF!B21*-1) -> 16837132 | E24: EAA | F24: =IF(EAA!E18>0,EAA!E18,EAA!E18*-1) -> 16837132 | G24: =ROUND(D24-F24,2) -> 0 | H24: ESF | I24: =IF(ESF!C21>0,ESF!C21,ESF!C21*-1) -> 16837132 | J24: EAA | K24: =IF(EAA!B18>0,EAA!B18,EAA!B18*-1) -> 16837132 | L24: =ROUND(I24-K24,2) -> 0 | M24: Depreciación, Deterioro y Amortización Acumulada de Bienes
B25: Activos Diferidos | C25: ESF | D25: =IF(ESF!B22>0,ESF!B22,ESF!B22*-1) -> 4775856.9 | E25: EAA | F25: =IF(EAA!E19>0,EAA!E19,EAA!E19*-1) -> 4775856.9 | G25: =ROUND(D25-F25,2) -> 0 | H25: ESF | I25: =IF(ESF!C22>0,ESF!C22,ESF!C22*-1) -> 4775856.9 | J25: EAA | K25: =IF(EAA!B19>0,EAA!B19,EAA!B19*-1) -> 4775856.9 | L25: =ROUND(I25-K25,2) -> 0 | M25: Activos Diferidos
B26: Estimación por Pérdida o Deterioro de Activos no Circulantes | C26: ESF | D26: =IF(ESF!B23>0,ESF!B23,ESF!B23*-1) -> 0 | E26: EAA | F26: =IF(EAA!E20>0,EAA!E20,EAA!E20*-1) -> 0 | G26: =ROUND(D26-F26,2) -> 0 | H26: ESF | I26: =IF(ESF!C23>0,ESF!C23,ESF!C23*-1) -> 0 | J26: EAA | K26: =IF(EAA!B20>0,EAA!B20,EAA!B20*-1) -> 0 | L26: =ROUND(I26-K26,2) -> 0 | M26: Estimación por Pérdida o Deterioro de Activos no Circulantes
B27: Otros Activos no Circulantes | C27: ESF | D27: =IF(ESF!B24>0,ESF!B24,ESF!B24*-1) -> 0 | E27: EAA | F27: =IF(EAA!E21>0,EAA!E21,EAA!E21*-1) -> 0 | G27: =ROUND(D27-F27,2) -> 0 | H27: ESF | I27: =IF(ESF!C24>0,ESF!C24,ESF!C24*-1) -> 0 | J27: EAA | K27: =IF(EAA!B21>0,EAA!B21,EAA!B21*-1) -> 0 | L27: =ROUND(I27-K27,2) -> 0 | M27: Otros Activos no Circulantes
A28: 05 ESF-EFE 01 | B28: Efectivo y Equivalentes | C28: ESF | D28: =IF(ESF!B5>0,ESF!B5,ESF!B5*-1) -> 22020315 | E28: EFE | F28: =IF(EFE!B65>0,EFE!B65,EFE!B65*-1) -> 22020315 | G28: =ROUND(D28-F28,2) -> 0 | M28: Efectivo y Equivalentes
A29: 05 ESF-EFE 02 | B29: Efectivo y Equivalentes | H29: ESF | I29: =IF(ESF!C5>0,ESF!C5,ESF!C5*-1) -> 14623005 | J29: EFE | K29: =IF(EFE!B63>0,EFE!B63,EFE!B63*-1) -> 14623005 | L29: =ROUND(I29-K29,2) -> 0 | M29: Efectivo y Equivalentes
A30: 06 ESF-ESF 01 | B30: Total Activo= Pasivo + Capital | C30: ESF | D30: =IF(ESF!B28>0,ESF!B28,ESF!B28*-1) -> 3.2439393e+08 | E30: ESF | F30: =IF(ESF!E48>0,ESF!E48,ESF!E48*-1) -> 3.0375819e+08 | G30: =ROUND(D30-F30,2) -> 20635740 | H30: ESF | I30: =IF(ESF!C28>0,ESF!C28,ESF!C28*-1) -> 3.1009671e+08 | J30: ESF | K30: =IF(ESF!F48>0,ESF!F48,ESF!F48*-1) -> 3.1005596e+08 | L30: =ROUND(I30-K30,2) -> 40753.52 | M30: Total Activo= Pasivo + Capital
A31: 07 ESF-ADP 01 | B31: Total Pasivo | C31: ESF | D31: =IF(ESF!E26>0,ESF!E26,ESF!E26*-1) -> 2565456 | E31: ADP | F31: =IF(ADP!E34>0,ADP!E34,ADP!E34*-1) -> 2565456 | G31: =ROUND(D31-F31,2) -> 0 | H31: ESF | I31: =IF(ESF!F26>0,ESF!F26,ESF!F26*-1) -> 3033440.6 | J31: ADP | K31: =IF(ADP!D34>0,ADP!D34,ADP!D34*-1) -> 3033440.6 | L31: =ROUND(I31-K31,2) -> 0 | M31: Total Pasivo
A32: 08 ESF-VHP 01 | B32: Hacienda Pública/Patrimonio Contribuido | H32: ESF | I32: =IF(ESF!F30>0,ESF!F30,ESF!F30*-1) -> 6882418.9 | J32: VHP | K32: =IF(VHP!B4>0,VHP!B4,VHP!B4*-1) -> 6882418.9 | L32: =ROUND(I32-K32,2) -> 0 | M32: Hacienda Pública/Patrimonio Contribuido
B33: Hacienda Pública/Patrimonio Contribuido | H33: ESF | I33: =IF(ESF!F30>0,ESF!F30,ESF!F30*-1) -> 6882418.9 | J33: VHP | K33: =IF(VHP!F4>0,VHP!F4,VHP!F4*-1) -> 6882418.9 | L33: =ROUND(I33-K33,2) -> 0 | M33: Hacienda Pública/Patrimonio Contribuido
A34: 08 ESF-VHP 02 | B34: Hacienda Pública/Patrimonio Generado | H34: ESF | I34: =IF(ESF!F35>0,ESF!F35,ESF!F35*-1) -> 3.001401e+08 | J34: VHP | K34: =IF(VHP!F9>0,VHP!F9,VHP!F9*-1) -> 3.001401e+08 | L34: =ROUND(I34-K34,2) -> 0 | M34: Hacienda Pública/Patrimonio Generado
A35: 08 ESF-VHP 03 | B35: Exceso o Insuficiencia en la Actualización de la Hacienda Pública/Patrimonio | H35: ESF | I35: =IF(ESF!F42>0,ESF!F42,ESF!F42*-1) -> 0 | J35: VHP | K35: =IF(VHP!E16>0,VHP!E16,VHP!E16*-1) -> 0 | L35: =ROUND(I35-K35,2) -> 0 | M35: Exceso o Insuficiencia en la Actualización de la Hacienda Pública/Patrimonio
B36: Exceso o Insuficiencia en la Actualización de la Hacienda Pública/Patrimonio | H36: ESF | I36: =IF(ESF!F42>0,ESF!F42,ESF!F42*-1) -> 0 | J36: VHP | K36: =IF(VHP!F16>0,VHP!F16,VHP!F16*-1) -> 0 | L36: =ROUND(I36-K36,2) -> 0 | M36: Exceso o Insuficiencia en la Actualización de la Hacienda Pública/Patrimonio
A37: 08 ESF-VHP 04 | B37: Total de Hacienda Pública/Patrimonio | C37: ESF | D37: =IF(ESF!E46>0,ESF!E46,ESF!E46*-1) -> 3.0119274e+08 | E37: VHP | F37: =IF(VHP!F38>0,VHP!F38,VHP!F38*-1) -> 3.0119274e+08 | G37: =ROUND(D37-F37,2) -> 0 | H37: ESF | I37: =IF(ESF!F46>0,ESF!F46,ESF!F46*-1) -> 3.0702252e+08 | J37: VHP | K37: =IF(VHP!F20>0,VHP!F20,VHP!F20*-1) -> 3.0702252e+08 | L37: =ROUND(I37-K37,2) -> 0 | M37: Total de Hacienda Pública/Patrimonio
A38: 09 VHP-ESF 01 | B38: Hacienda Pública/Patrimonio Contribuido Neto de 20XN-1 | H38: VHP | I38: =IF(VHP!B4>0,VHP!B4,VHP!B4*-1) -> 6882418.9 | J38: ESF | K38: =IF(ESF!F30>0,ESF!F30,ESF!F30*-1) -> 6882418.9 | L38: =ROUND(I38-K38,2) -> 0 | M38: Hacienda Pública/Patrimonio Contribuido Neto de 20XN-1
B39: Hacienda Pública/Patrimonio Contribuido Neto de 20XN-1 | H39: VHP | I39: =IF(VHP!F4>0,VHP!F4,VHP!F4*-1) -> 6882418.9 | J39: ESF | K39: =IF(ESF!F30>0,ESF!F30,ESF!F30*-1) -> 6882418.9 | L39: =ROUND(I39-K39,2) -> 0 | M39: Hacienda Pública/Patrimonio Contribuido Neto de 20XN-1
A40: 09 VHP-ESF 02 | B40: Hacienda Pública/Patrimonio Generado Neto de 20XN-1 | H40: VHP | I40: =IF(VHP!F9>0,VHP!F9,VHP!F9*-1) -> 3.001401e+08 | J40: ESF | K40: =IF(ESF!F35>0,ESF!F35,ESF!F35*-1) -> 3.001401e+08 | L40: =ROUND(I40-K40,2) -> 0 | M40: Hacienda Pública/Patrimonio Generado Neto de 20XN-1
A41: 09 VHP-ESF 03 | B41: Exceso o Insuficiencia en la Actualización de la Hacienda Pública/Patrimonio Neto de 20XN-1 | H41: VHP | I41: =IF(VHP!E16>0,VHP!E16,VHP!E16*-1) -> 0 | J41: ESF | K41: =IF(ESF!F42>0,ESF!F42,ESF!F42*-1) -> 0 | L41: =ROUND(I41-K41,2) -> 0 | M41: Exceso o Insuficiencia en la Actualización de la Hacienda Pública/Patrimonio Neto de 20XN-1
B42: Exceso o Insuficiencia en la Actualización de la Hacienda Pública/Patrimonio Neto de 20XN-1 | H42: VHP | I42: =IF(VHP!F16>0,VHP!F16,VHP!F16*-1) -> 0 | J42: ESF | K42: =IF(ESF!F42>0,ESF!F42,ESF!F42*-1) -> 0 | L42: =ROUND(I42-K42,2) -> 0 | M42: Exceso o Insuficiencia en la Actualización de la Hacienda Pública/Patrimonio Neto de 20XN-1 | O42: I(VHP!D28>0,VHP!D28,VHP!D28*-1)
A43: 09 VHP-ESF 04 | B43: Hacienda Pública/Patrimonio Neto Final de 20XN-1 | C43: VHP | D43: =IF(VHP!F38>0,VHP!F38,VHP!F38*-1) -> 3.0119274e+08 | E43: ESF | F43: =IF(ESF!E46>0,ESF!E46,ESF!E46*-1) -> 3.0119274e+08 | G43: =ROUND(D43-F43,2) -> 0 | H43: VHP | I43: =IF(VHP!F20>0,VHP!F20,VHP!F20*-1) -> 3.0702252e+08 | J43: ESF | K43: =IF(ESF!F46>0,ESF!F46,ESF!F46*-1) -> 3.0702252e+08 | L43: =ROUND(I43-K43,2) -> 0 | M43: Hacienda Pública/Patrimonio Neto Final de 20XN-1
A44: 10 VHP-CSF 01 | B44: Aportaciones | C44: VHP | D44: =IF(VHP!B23>0,VHP!B23,VHP!B23*-1) -> 0 | E44: CSF | F44: =IF(CSF!$B46>0,CSF!$B46,CSF!$C46) -> 0 | G44: =ROUND(D44-F44,2) -> 0 | M44: Aportaciones
B45: Donaciones de Capital | C45: VHP | D45: =IF(VHP!B24>0,VHP!B24,VHP!B24*-1) -> 0 | E45: CSF | F45: =IF(CSF!$B47>0,CSF!$B47,CSF!$C47) -> 0 | G45: =ROUND(D45-F45,2) -> 0 | M45: Donaciones de Capital
B46: Actualización de la Hacienda Pública/Patrimonio | C46: VHP | D46: =IF(VHP!B25>0,VHP!B25,VHP!B25*-1) -> 0 | E46: CSF | F46: =IF(CSF!$B48>0,CSF!$B48,CSF!$C48) -> 0 | G46: =ROUND(D46-F46,2) -> 0 | M46: Actualización de la Hacienda Pública/Patrimonio
A47: 10 VHP-CSF 02 | B47: Revalúos | C47: VHP | D47: =IF(VHP!D30>0,VHP!D30,VHP!D30*-1) -> 0 | E47: CSF | F47: =IF(CSF!$B53>0,CSF!$B53,CSF!$C53) -> 0 | G47: =ROUND(D47-F47,2) -> 0 | M47: Revalúos
B48: Reservas | C48: VHP | D48: =IF(VHP!D31>0,VHP!D31,VHP!D31*-1) -> 0 | E48: CSF | F48: =IF(CSF!$B54>0,CSF!$B54,CSF!$C54) -> 0 | G48: =ROUND(D48-F48,2) -> 0 | M48: Reservas
B49: Rectificaciones de Resultados de Ejercicios Anteriores | C49: VHP | D49: =IF(VHP!D32>0,VHP!D32,VHP!D32*-1) -> 0 | E49: CSF | F49: =IF(CSF!$B55>0,CSF!$B55,CSF!$C55) -> 0 | G49: =ROUND(D49-F49,2) -> 0 | M49: Rectificaciones de Resultados de Ejercicios Anteriores
A50: 10 VHP-CSF 03 | B50: Resultados de Ejercicios Anteriores | C50: VHP | D50: =IF(VHP!C29>0,VHP!C29,VHP!C29*-1) -> 0 | E50: CSF | F50: =IF(CSF!$B52>0,CSF!$B52,CSF!$C52) -> 0 | G50: =ROUND(D50-F50,2) -> 0 | M50: Resultados de Ejercicios Anteriores
A51: 10 VHP-CSF 04 | B51: Resultado por Posición Monetaria | C51: VHP | D51: =IF(VHP!E35>0,VHP!E35,VHP!E35*-1) -> 0 | E51: CSF | F51: =IF(CSF!$B58>0,CSF!$B58,CSF!$C58) -> 0 | G51: =ROUND(D51-F51,2) -> 0 | M51: Resultado por Posición Monetaria
B52: Resultado por Tenencia de Activos no Monetarios | C52: VHP | D52: =IF(VHP!E36>0,VHP!E36,VHP!E36*-1) -> 0 | E52: CSF | F52: =IF(CSF!$B59>0,CSF!$B59,CSF!$C59) -> 0 | G52: =ROUND(D52-F52,2) -> 0 | M52: Resultado por Tenencia de Activos no Monetarios
A53: 12 VHP-CSF 01 | B53: Resultados del Ejercicio (Ahorro/Desahorro) | C53: VHP | D53: =IF((VHP!D28+VHP!D29)>0,VHP!D28+VHP!D29,(VHP!D28+VHP!D29)*-1) -> 5829784.1 | E53: CSF | F53: =IF(CSF!$B51>0,CSF!$B51,CSF!$C51) -> 5829784.1 | G53: =ROUND(D53-F53,2) -> 0 | M53: Resultados del Ejercicio (Ahorro/Desahorro)
A54: 11 VHP-ACT 01 | B54: Resultados del Ejercicio (Ahorro/Desahorro) | C54: VHP | D54: =IF(VHP!D28>0,VHP!D28,VHP!D28*-1) -> 14765203 | E54: ESF | F54: =IF(ESF!E36>0,ESF!E36,ESF!E36*-1) -> 14765203 | G54: =ROUND(D54-F54,2) -> 0 | M54: Resultados del Ejercicio (Ahorro/Desahorro)
B55: Resultados del Ejercicio (Ahorro/Desahorro) | C55: VHP | D55: =IF(VHP!D28>0,VHP!D28,VHP!D28*-1) -> 14765203 | E55: ACT | F55: =IF(ACT!B68>0,ACT!B68,ACT!B68*-1) -> 0 | G55: =ROUND(D55-F55,2) -> 14765203 | M55: Resultados del Ejercicio (Ahorro/Desahorro)
A56: 11 VHP-ACT 02 | B56: Resultados del Ejercicio (Ahorro/Desahorro) | H56: VHP | I56: =IF(VHP!D10>0,VHP!D10,VHP!D10*-1) -> 20594987 | J56: ESF | K56: =IF(ESF!F36>0,ESF!F36,ESF!F36*-1) -> 20594987 | L56: =ROUND(I56-K56,2) -> 0 | M56: Resultados del Ejercicio (Ahorro/Desahorro)
B57: Resultados del Ejercicio (Ahorro/Desahorro) | H57: VHP | I57: =IF(VHP!D10>0,VHP!D10,VHP!D10*-1) -> 20594987 | J57: ACT | K57: =IF(ACT!C68>0,ACT!C68,ACT!C68*-1) -> 0 | L57: =ROUND(I57-K57,2) -> 20594987 | M57: Resultados del Ejercicio (Ahorro/Desahorro)
A58: 11 VHP-ACT 03 | B58: Resultados de Ejercicios Anteriores | C58: VHP | D58: =IF(VHP!D29>0,VHP!D29,VHP!D29*-1) -> 20594987 | J58: ESF | K58: =IF(ESF!F36>0,ESF!F36,ESF!F36*-1) -> 20594987 | L58: =ROUND((D58-K58),2) -> 0 | M58: Resultados de Ejercicios Anteriores
B59: Resultados de Ejercicios Anteriores | C59: VHP | D59: =IF(VHP!D29>0,VHP!D29,VHP!D29*-1) -> 20594987 | J59: ACT | K59: =IF(ACT!C68>0,ACT!C68,ACT!C68*-1) -> 0 | L59: =ROUND((D59-K59),2) -> 20594987 | M59: Resultados de Ejercicios Anteriores
A60: 13 CSF-EFE 01 | B60: Efectivo y Equivalentes | C60: CSF | D60: =IF(CSF!$B5>0,CSF!$B5,CSF!$C5) -> 7397310.6 | E60: EFE | F60: =IF(EFE!B61>0,EFE!B61,EFE!B61*-1) -> 7397310.6 | G60: =ROUND(D60-F60,2) -> 0 | M60: Efectivo y Equivalentes
A61: 14 CSF-EAA 01 | B61: Efectivo y Equivalentes | C61: CSF | D61: =IF(CSF!$B5>0,CSF!$B5,CSF!$C5) -> 7397310.6 | E61: EAA | F61: =IF(EAA!F5>0,EAA!F5,EAA!F5*-1) -> 7397310.6 | G61: =ROUND(D61-F61,2) -> 0 | M61: Efectivo y Equivalentes
B62: Derechos a Recibir Efectivo o Equivalentes | C62: CSF | D62: =IF(CSF!$B6>0,CSF!$B6,CSF!$C6) -> 457445.64 | E62: EAA | F62: =IF(EAA!F6>0,EAA!F6,EAA!F6*-1) -> 457445.64 | G62: =ROUND(D62-F62,2) -> 0 | M62: Derechos a Recibir Efectivo o Equivalentes
B63: Derechos a Recibir Bienes o Servicios | C63: CSF | D63: =IF(CSF!$B7>0,CSF!$B7,CSF!$C7) -> 1115635.1 | E63: EAA | F63: =IF(EAA!F7>0,EAA!F7,EAA!F7*-1) -> 1115635.1 | G63: =ROUND(D63-F63,2) -> 0 | M63: Derechos a Recibir Bienes o Servicios
B64: Inventarios | C64: CSF | D64: =IF(CSF!$B8>0,CSF!$B8,CSF!$C8) -> 0 | E64: EAA | F64: =IF(EAA!F8>0,EAA!F8,EAA!F8*-1) -> 0 | G64: =ROUND(D64-F64,2) -> 0 | M64: Inventarios
B65: Almacenes | C65: CSF | D65: =IF(CSF!$B9>0,CSF!$B9,CSF!$C9) -> 0 | E65: EAA | F65: =IF(EAA!F9>0,EAA!F9,EAA!F9*-1) -> 0 | G65: =ROUND(D65-F65,2) -> 0 | M65: Almacenes
B66: Estimación por Pérdida o Deterioro de Activos Circulantes | C66: CSF | D66: =IF(CSF!$B10>0,CSF!$B10,CSF!$C10) -> 0 | E66: EAA | F66: =IF(EAA!F10>0,EAA!F10,EAA!F10*-1) -> 0 | G66: =ROUND(D66-F66,2) -> 0 | M66: Estimación por Pérdida o Deterioro de Activos Circulantes
B67: Otros Activos Circulantes | C67: CSF | D67: =IF(CSF!$B11>0,CSF!$B11,CSF!$C11) -> 0 | E67: EAA | F67: =IF(EAA!F11>0,EAA!F11,EAA!F11*-1) -> 0 | G67: =ROUND(D67-F67,2) -> 0 | M67: Otros Activos Circulantes
B68: Inversiones Financieras a Largo Plazo | C68: CSF | D68: =IF(CSF!$B14>0,CSF!$B14,CSF!$C14) -> 0 | E68: EAA | F68: =IF(EAA!F13>0,EAA!F13,EAA!F13*-1) -> 0 | G68: =ROUND(D68-F68,2) -> 0 | M68: Inversiones Financieras a Largo Plazo
B69: Derechos a Recibir Efectivo o Equivalentes a Largo Plazo | C69: CSF | D69: =IF(CSF!$B15>0,CSF!$B15,CSF!$C15) -> 0 | E69: EAA | F69: =IF(EAA!F14>0,EAA!F14,EAA!F14*-1) -> 0 | G69: =ROUND(D69-F69,2) -> 0 | M69: Derechos a Recibir Efectivo o Equivalentes a Largo Plazo
B70: Bienes Inmuebles, Infraestructura y Construcciones en Proceso | C70: CSF | D70: =IF(CSF!$B16>0,CSF!$B16,CSF!$C16) -> 6003297 | E70: EAA | F70: =IF(EAA!F15>0,EAA!F15,EAA!F15*-1) -> 6003297 | G70: =ROUND(D70-F70,2) -> 0 | M70: Bienes Inmuebles, Infraestructura y Construcciones en Proceso
B71: Bienes Muebles | C71: CSF | D71: =IF(CSF!$B17>0,CSF!$B17,CSF!$C17) -> 1554800 | E71: EAA | F71: =IF(EAA!F16>0,EAA!F16,EAA!F16*-1) -> 1554800 | G71: =ROUND(D71-F71,2) -> 0 | M71: Bienes Muebles
B72: Activos Intangibles | C72: CSF | D72: =IF(CSF!$B18>0,CSF!$B18,CSF!$C18) -> 0 | E72: EAA | F72: =IF(EAA!F17>0,EAA!F17,EAA!F17*-1) -> 0 | G72: =ROUND(D72-F72,2) -> 0 | M72: Activos Intangibles
B73: Depreciación, Deterioro y Amortización Acumulada de Bienes | C73: CSF | D73: =IF(CSF!$B19>0,CSF!$B19,CSF!$C19) -> 0 | E73: EAA | F73: =IF(EAA!F18>0,EAA!F18,EAA!F18*-1) -> 0 | G73: =ROUND(D73-F73,2) -> 0 | M73: Depreciación, Deterioro y Amortización Acumulada de Bienes
B74: Activos Diferidos | C74: CSF | D74: =IF(CSF!$B20>0,CSF!$B20,CSF!$C20) -> 0 | E74: EAA | F74: =IF(EAA!F19>0,EAA!F19,EAA!F19*-1) -> 0 | G74: =ROUND(D74-F74,2) -> 0 | M74: Activos Diferidos
B75: Estimación por Pérdida o Deterioro de Activos no Circulantes | C75: CSF | D75: =IF(CSF!$B21>0,CSF!$B21,CSF!$C21) -> 0 | E75: EAA | F75: =IF(EAA!F20>0,EAA!F20,EAA!F20*-1) -> 0 | G75: =ROUND(D75-F75,2) -> 0 | M75: Estimación por Pérdida o Deterioro de Activos no Circulantes
B76: Otros Activos no Circulantes | C76: CSF | D76: =IF(CSF!$B22>0,CSF!$B22,CSF!$C22) -> 0 | E76: EAA | F76: =IF(EAA!F21>0,EAA!F21,EAA!F21*-1) -> 0 | G76: =ROUND(D76-F76,2) -> 0 | M76: Otros Activos no Circulantes
A77: 15 CSF-VHP 01 | B77: Revalúos | C77: CSF | D77: =IF(CSF!$B53>0,CSF!$B53,CSF!$C53) -> 0 | E77: VHP | F77: =IF(VHP!D30>0,VHP!D30,VHP!D30*-1) -> 0 | G77: =ROUND(D77-F77,2) -> 0 | M77: Revalúos
B78: Reservas | C78: CSF | D78: =IF(CSF!$B54>0,CSF!$B54,CSF!$C54) -> 0 | E78: VHP | F78: =IF(VHP!D31>0,VHP!D31,VHP!D31*-1) -> 0 | G78: =ROUND(D78-F78,2) -> 0 | M78: Reservas
B79: Rectificaciones de Resultados de Ejercicios Anteriores | C79: CSF | D79: =IF(CSF!$B55>0,CSF!$B55,CSF!$C55) -> 0 | E79: VHP | F79: =IF(VHP!D32>0,VHP!D32,VHP!D32*-1) -> 0 | G79: =ROUND(D79-F79,2) -> 0 | M79: Rectificaciones de Resultados de Ejercicios Anteriores
A80: 15 CSF-VHP 02 | B80: Resultados del Ejercicio (Ahorro/Desahorro) | C80: CSF | D80: =IF(CSF!$B51>0,CSF!$B51,CSF!$C51) -> 5829784.1 | E80: VHP | F80: =IF((VHP!D28+VHP!D29)>0,VHP!D28+VHP!D29,(VHP!D28+VHP!D29)*-1) -> 5829784.1 | G80: =ROUND(D80-F80,2) -> 0 | M80: Resultados del Ejercicio (Ahorro/Desahorro)
A81: 16 EFE-CSF 01 | B81: Incremento/Disminución Neta en el Efectivo y Equivalentes al Efectivo | C81: EFE | D81: =IF(EFE!B61>0,EFE!B61,EFE!B61*-1) -> 7397310.6 | E81: CSF | F81: =IF(CSF!$B5>0,CSF!$B5,CSF!$C5) -> 7397310.6 | G81: =ROUND(D81-F81,2) -> 0 | M81: Incremento/Disminución Neta en el Efectivo y Equivalentes al Efectivo
A82: 17 EFE-ESF 01 | B82: Efectivo y Equivalentes al Efectivo al Final del Ejercicio | C82: EFE | D82: =IF(EFE!B65>0,EFE!B65,EFE!B65*-1) -> 22020315 | E82: ESF | F82: =IF(ESF!B5>0,ESF!B5,ESF!B5*-1) -> 22020315 | G82: =ROUND(D82-F82,2) -> 0 | H82: EFE | I82: =IF(EFE!C65>0,EFE!C65,EFE!C65*-1) -> 14623005 | J82: ESF | K82: =IF(ESF!C5>0,ESF!C5,ESF!C5*-1) -> 14623005 | L82: =ROUND(I82-K82,2) -> 0 | M82: Efectivo y Equivalentes al Efectivo al Final del Ejercicio
A83: 17 EFE-ESF 02 | B83: Efectivo y Equivalentes al Efectivo al Inicio del Ejercicio | C83: EFE | D83: =IF(EFE!B63>0,EFE!B63,EFE!B63*-1) -> 14623005 | J83: ESF | K83: =IF(ESF!C5>0,ESF!C5,ESF!C5*-1) -> 14623005 | L83: =ROUND(D83-K83,2) -> 0 | M83: Efectivo y Equivalentes al Efectivo al Inicio del Ejercicio
A84: 18 EAA-ESF 01 | B84: Efectivo y Equivalentes | C84: EAA | D84: =IF(EAA!E5>0,EAA!E5,EAA!E5*-1) -> 22020315 | E84: ESF | F84: =IF(ESF!B5>0,ESF!B5,ESF!B5*-1) -> 22020315 | G84: =ROUND(D84-F84,2) -> 0 | H84: EAA | I84: =IF(EAA!B5>0,EAA!B5,EAA!B5*-1) -> 14623005 | J84: ESF | K84: =IF(ESF!C5>0,ESF!C5,ESF!C5*-1) -> 14623005 | L84: =ROUND(I84-K84,2) -> 0 | M84: Efectivo y Equivalentes
B85: Derechos a Recibir Efectivo o Equivalentes | C85: EAA | D85: =IF(EAA!E6>0,EAA!E6,EAA!E6*-1) -> 3545336.9 | E85: ESF | F85: =IF(ESF!B6>0,ESF!B6,ESF!B6*-1) -> 3545336.9 | G85: =ROUND(D85-F85,2) -> 0 | H85: EAA | I85: =IF(EAA!B6>0,EAA!B6,EAA!B6*-1) -> 3087891.2 | J85: ESF | K85: =IF(ESF!C6>0,ESF!C6,ESF!C6*-1) -> 3087891.2 | L85: =ROUND(I85-K85,2) -> 0 | M85: Derechos a Recibir Efectivo o Equivalentes
B86: Derechos a Recibir Bienes o Servicios | C86: EAA | D86: =IF(EAA!E7>0,EAA!E7,EAA!E7*-1) -> 636644.48 | E86: ESF | F86: =IF(ESF!B7>0,ESF!B7,ESF!B7*-1) -> 636644.48 | G86: =ROUND(D86-F86,2) -> 0 | H86: EAA | I86: =IF(EAA!B7>0,EAA!B7,EAA!B7*-1) -> 1752279.6 | J86: ESF | K86: =IF(ESF!C7>0,ESF!C7,ESF!C7*-1) -> 1752279.6 | L86: =ROUND(I86-K86,2) -> 0 | M86: Derechos a Recibir Bienes o Servicios
B87: Inventarios | C87: EAA | D87: =IF(EAA!E8>0,EAA!E8,EAA!E8*-1) -> 0 | E87: ESF | F87: =IF(ESF!B8>0,ESF!B8,ESF!B8*-1) -> 0 | G87: =ROUND(D87-F87,2) -> 0 | H87: EAA | I87: =IF(EAA!B8>0,EAA!B8,EAA!B8*-1) -> 0 | J87: ESF | K87: =IF(ESF!C8>0,ESF!C8,ESF!C8*-1) -> 0 | L87: =ROUND(I87-K87,2) -> 0 | M87: Inventarios
B88: Almacenes | C88: EAA | D88: =IF(EAA!E9>0,EAA!E9,EAA!E9*-1) -> 0 | E88: ESF | F88: =IF(ESF!B9>0,ESF!B9,ESF!B9*-1) -> 0 | G88: =ROUND(D88-F88,2) -> 0 | H88: EAA | I88: =IF(EAA!B9>0,EAA!B9,EAA!B9*-1) -> 0 | J88: ESF | K88: =IF(ESF!C9>0,ESF!C9,ESF!C9*-1) -> 0 | L88: =ROUND(I88-K88,2) -> 0 | M88: Almacenes
B89: Estimación por Pérdida o Deterioro de Activos Circulantes | C89: EAA | D89: =IF(EAA!E10>0,EAA!E10,EAA!E10*-1) -> 0 | E89: ESF | F89: =IF(ESF!B10>0,ESF!B10,ESF!B10*-1) -> 0 | G89: =ROUND(D89-F89,2) -> 0 | H89: EAA | I89: =IF(EAA!B10>0,EAA!B10,EAA!B10*-1) -> 0 | J89: ESF | K89: =IF(ESF!C10>0,ESF!C10,ESF!C10*-1) -> 0 | L89: =ROUND(I89-K89,2) -> 0 | M89: Estimación por Pérdida o Deterioro de Activos Circulantes
B90: Otros Activos Circulantes | C90: EAA | D90: =IF(EAA!E11>0,EAA!E11,EAA!E11*-1) -> 0 | E90: ESF | F90: =IF(ESF!B11>0,ESF!B11,ESF!B11*-1) -> 0 | G90: =ROUND(D90-F90,2) -> 0 | H90: EAA | I90: =IF(EAA!B11>0,EAA!B11,EAA!B11*-1) -> 0 | J90: ESF | K90: =IF(ESF!C11>0,ESF!C11,ESF!C11*-1) -> 0 | L90: =ROUND(I90-K90,2) -> 0 | M90: Otros Activos Circulantes
B91: Inversiones Financieras a Largo Plazo | C91: EAA | D91: =IF(EAA!E13>0,EAA!E13,EAA!E13*-1) -> 963755.72 | E91: ESF | F91: =IF(ESF!B16>0,ESF!B16,ESF!B16*-1) -> 963755.72 | G91: =ROUND(D91-F91,2) -> 0 | H91: EAA | I91: =IF(EAA!B13>0,EAA!B13,EAA!B13*-1) -> 963755.72 | J91: ESF | K91: =IF(ESF!C16>0,ESF!C16,ESF!C16*-1) -> 963755.72 | L91: =ROUND(I91-K91,2) -> 0 | M91: Inversiones Financieras a Largo Plazo
B92: Derechos a Recibir Efectivo o Equivalentes a Largo Plazo | C92: EAA | D92: =IF(EAA!E14>0,EAA!E14,EAA!E14*-1) -> 0 | E92: ESF | F92: =IF(ESF!B17>0,ESF!B17,ESF!B17*-1) -> 0 | G92: =ROUND(D92-F92,2) -> 0 | H92: EAA | I92: =IF(EAA!B14>0,EAA!B14,EAA!B14*-1) -> 0 | J92: ESF | K92: =IF(ESF!C17>0,ESF!C17,ESF!C17*-1) -> 0 | L92: =ROUND(I92-K92,2) -> 0 | M92: Derechos a Recibir Efectivo o Equivalentes a Largo Plazo
B93: Bienes Inmuebles, Infraestructura y Construcciones en Proceso | C93: EAA | D93: =IF(EAA!E15>0,EAA!E15,EAA!E15*-1) -> 2.787885e+08 | E93: ESF | F93: =IF(ESF!B18>0,ESF!B18,ESF!B18*-1) -> 2.787885e+08 | G93: =ROUND(D93-F93,2) -> 0 | H93: EAA | I93: =IF(EAA!B15>0,EAA!B15,EAA!B15*-1) -> 2.727852e+08 | J93: ESF | K93: =IF(ESF!C18>0,ESF!C18,ESF!C18*-1) -> 2.727852e+08 | L93: =ROUND(I93-K93,2) -> 0 | M93: Bienes Inmuebles, Infraestructura y Construcciones en Proceso
B94: Bienes Muebles | C94: EAA | D94: =IF(EAA!E16>0,EAA!E16,EAA!E16*-1) -> 32315358 | E94: ESF | F94: =IF(ESF!B19>0,ESF!B19,ESF!B19*-1) -> 32315358 | G94: =ROUND(D94-F94,2) -> 0 | H94: EAA | I94: =IF(EAA!B16>0,EAA!B16,EAA!B16*-1) -> 30760558 | J94: ESF | K94: =IF(ESF!C19>0,ESF!C19,ESF!C19*-1) -> 30760558 | L94: =ROUND(I94-K94,2) -> 0 | M94: Bienes Muebles
B95: Activos Intangibles | C95: EAA | D95: =IF(EAA!E17>0,EAA!E17,EAA!E17*-1) -> 112810 | E95: ESF | F95: =IF(ESF!B20>0,ESF!B20,ESF!B20*-1) -> 112810 | G95: =ROUND(D95-F95,2) -> 0 | H95: EAA | I95: =IF(EAA!B17>0,EAA!B17,EAA!B17*-1) -> 112810 | J95: ESF | K95: =IF(ESF!C20>0,ESF!C20,ESF!C20*-1) -> 112810 | L95: =ROUND(I95-K95,2) -> 0 | M95: Activos Intangibles
B96: Depreciación, Deterioro y Amortización Acumulada de Bienes | C96: EAA | D96: =IF(EAA!E18>0,EAA!E18,EAA!E18*-1) -> 16837132 | E96: ESF | F96: =IF(ESF!B21>0,ESF!B21,ESF!B21*-1) -> 16837132 | G96: =ROUND(D96-F96,2) -> 0 | H96: EAA | I96: =IF(EAA!B18>0,EAA!B18,EAA!B18*-1) -> 16837132 | J96: ESF | K96: =IF(ESF!C21>0,ESF!C21,ESF!C21*-1) -> 16837132 | L96: =ROUND(I96-K96,2) -> 0 | M96: Depreciación, Deterioro y Amortización Acumulada de Bienes
B97: Activos Diferidos | C97: EAA | D97: =IF(EAA!E19>0,EAA!E19,EAA!E19*-1) -> 4775856.9 | E97: ESF | F97: =IF(ESF!B22>0,ESF!B22,ESF!B22*-1) -> 4775856.9 | G97: =ROUND(D97-F97,2) -> 0 | H97: EAA | I97: =IF(EAA!B19>0,EAA!B19,EAA!B19*-1) -> 4775856.9 | J97: ESF | K97: =IF(ESF!C22>0,ESF!C22,ESF!C22*-1) -> 4775856.9 | L97: =ROUND(I97-K97,2) -> 0 | M97: Activos Diferidos
B98: Estimación por Pérdida o Deterioro de Activos no Circulantes | C98: EAA | D98: =IF(EAA!E20>0,EAA!E20,EAA!E20*-1) -> 0 | E98: ESF | F98: =IF(ESF!B23>0,ESF!B23,ESF!B23*-1) -> 0 | G98: =ROUND(D98-F98,2) -> 0 | H98: EAA | I98: =IF(EAA!B20>0,EAA!B20,EAA!B20*-1) -> 0 | J98: ESF | K98: =IF(ESF!C23>0,ESF!C23,ESF!C23*-1) -> 0 | L98: =ROUND(I98-K98,2) -> 0 | M98: Estimación por Pérdida o Deterioro de Activos no Circulantes
B99: Otros Activos no Circulantes | C99: EAA | D99: =IF(EAA!E21>0,EAA!E21,EAA!E21*-1) -> 0 | E99: ESF | F99: =IF(ESF!B24>0,ESF!B24,ESF!B24*-1) -> 0 | G99: =ROUND(D99-F99,2) -> 0 | H99: EAA | I99: =IF(EAA!B21>0,EAA!B21,EAA!B21*-1) -> 0 | J99: ESF | K99: =IF(ESF!C24>0,ESF!C24,ESF!C24*-1) -> 0 | L99: =ROUND(I99-K99,2) -> 0 | M99: Otros Activos no Circulantes
A100: 19 EAA-CSF 01 | B100: Efectivo y Equivalentes | C100: EAA | D100: =IF(EAA!F5>0,EAA!F5,EAA!F5*-1) -> 7397310.6 | E100: CSF | F100: =IF(CSF!$B5>0,CSF!$B5,CSF!$C5) -> 7397310.6 | G100: =ROUND(D100-F100,2) -> 0 | M100: Efectivo y Equivalentes
B101: Derechos a Recibir Efectivo o Equivalentes | C101: EAA | D101: =IF(EAA!F6>0,EAA!F6,EAA!F6*-1) -> 457445.64 | E101: CSF | F101: =IF(CSF!$B6>0,CSF!$B6,CSF!$C6) -> 457445.64 | G101: =ROUND(D101-F101,2) -> 0 | M101: Derechos a Recibir Efectivo o Equivalentes
...

Sheet Rev Det P
A1: Nombre del Ente Público | H1: Ejercicio: | I1: 2025
A2: Reglas de Validación Presupuestales y Programáticas | H2: Periodicidad: | I2: Trimestral
A3: Correspondiente del XXXX al XXXX | H3: Corte: | I3: 1
A5: Clave_RV | B5: Detalle | C5: REPORTE | D5: CONCEPTO | E5: IMPORTE | F5: REPORTE | G5: CONCEPTO | H5: IMPORTE | I5: DIFERENCIA
A7: 01 EAI - NDM_Mem 01 | B7: 01 EAI 01 | C7: EAI | D7: Estimado | E7: =+EAI!B15 -> 0 | F7: Nota de memoria | G7: 8.1.1 | H7: =+Memoria!C41 -> 0 | I7: =ROUND(E7-H7,2) -> 0
A8: 02 EAI - NDM_Mem 02 | B8: 01 EAI 02 | C8: EAI | D8: Modificaciones | E8: =+EAI!C15 -> 0 | F8: Nota de memoria | G8: 8.1.3 | H8: =+Memoria!C43 -> 0 | I8: =ROUND(E8-H8,2) -> 0
A9: 03 EAI - NDM_Mem 03 | B9: 01 EAI 03 | C9: EAI | D9: Devengado | E9: =+EAI!E15 -> 0 | F9: Nota de memoria | G9: 8.1.4 + 8.1.5 | H9: =+Memoria!C44+Memoria!C45 -> 0 | I9: =ROUND(E9+H9,2) -> 0
A10: 04 EAI - NDM_Mem 04 | B10: 01 EAI 04 | C10: EAI | D10: Recaudado | E10: =+EAI!F15 -> 0 | F10: Nota de memoria | G10: 8.1.5 | H10: =+Memoria!C45 -> 0 | I10: =ROUND(E10+H10,2) -> 0
A12: 01 EAE - NDM_Mem 01 | B12: 02 CA 01 | C12: CA | D12: Aprobado | E12: =+CA!B13 -> 0 | F12: Nota de memoria | G12: 8.2.1 | H12: =+Memoria!C50 -> 0 | I12: =+ROUND(E12+H12,2) -> 0
A13: 02 EAE - NDM_Mem 02 | B13: 02 CA 02 | C13: CA | D13: Modificaciones | E13: =+CA!C13 -> 0 | F13: Nota de memoria | G13: 8.2.3 | H13: =+Memoria!C52 -> 0 | I13: =+ROUND(E13+H13,2) -> 0
A14: 03 EAE - NDM_Mem 03 | B14: 02 CA 03 | C14: CA | D14: Devengado | E14: =+CA!E13 -> 0 | F14: Nota de memoria | G14: 8.2.5 + 8.2.6 + 8.2.7 | H14: =+Memoria!C54+Memoria!C55+Memoria!C56 -> 0 | I14: =ROUND(E14-H14,2) -> 0
A15: 04 EAE - NDM_Mem 04 | B15: 02 CA 04 | C15: CA | D15: Pagado | E15: =+CA!F13 -> 0 | F15: Nota de memoria | G15: 8.25 | H15: =+Memoria!C56 -> 0 | I15: =ROUND(E15-H15,2) -> 0
A17: 01 EAE - NDM_Mem 01 | B17: 03 CTG 01 | C17: CTG | D17: Aprobado | E17: =+CTG!B15 -> 0 | F17: Nota de memoria | G17: 8.2.1 | H17: =+Memoria!C50 -> 0 | I17: =+ROUND(E17+H17,2) -> 0
A18: 02 EAE - NDM_Mem 02 | B18: 03 CTG 02 | C18: CTG | D18: Modificaciones | E18: =+CTG!C15 -> 0 | F18: Nota de memoria | G18: 8.2.3 | H18: =+Memoria!C52 -> 0 | I18: =+ROUND(E18+H18,2) -> 0
A19: 03 EAE - NDM_Mem 03 | B19: 03 CTG 03 | C19: CTG | D19: Devengado | E19: =+CTG!E15 -> 0 | F19: Nota de memoria | G19: 8.2.5 + 8.2.6 + 8.2.7 | H19: =+Memoria!C54+Memoria!C55+Memoria!C56 -> 0 | I19: =+ROUND(E19-H19,2) -> 0
A20: 04 EAE - NDM_Mem 04 | B20: 03 CTG 04 | C20: CTG | D20: Pagado | E20: =+CTG!F15 -> 0 | F20: Nota de memoria | G20: 8.25 | H20: =+Memoria!C56 -> 0 | I20: =+ROUND(E20-H20,2) -> 0
A22: 01 EAE - NDM_Mem 01 | B22: 04 COG 01 | C22: COG | D22: Aprobado | E22: =+COG!B76 -> 0 | F22: Nota de memoria | G22: 8.2.1 | H22: =+Memoria!C50 -> 0 | I22: =+ROUND(E22+H22,2) -> 0
A23: 02 EAE - NDM_Mem 02 | B23: 04 COG 02 | C23: COG | D23: Modificaciones | E23: =+COG!C76 -> 0 | F23: Nota de memoria | G23: 8.2.3 | H23: =+Memoria!C52 -> 0 | I23: =+ROUND(E23+H23,2) -> 0
A24: 03 EAE - NDM_Mem 03 | B24: 04 COG 03 | C24: COG | D24: Devengado | E24: =+COG!E76 -> 0 | F24: Nota de memoria | G24: 8.2.5 + 8.2.6 + 8.2.7 | H24: =+Memoria!C54+Memoria!C55+Memoria!C56 -> 0 | I24: =+ROUND(E24-H24,2) -> 0
A25: 04 EAE - NDM_Mem 04 | B25: 04 COG 04 | C25: COG | D25: Pagado | E25: =+COG!F76 -> 0 | F25: Nota de memoria | G25: 8.25 | H25: =+Memoria!C56 -> 0 | I25: =+ROUND(E25-H25,2) -> 0
A27: 01 EAE - NDM_Mem 01 | B27: 05 CFG 01 | C27: CFG | D27: Aprobado | E27: =+CFG!B41 -> 0 | F27: Nota de memoria | G27: 8.2.1 | H27: =+Memoria!C50 -> 0 | I27: =+ROUND(E27+H27,2) -> 0
A28: 02 EAE - NDM_Mem 02 | B28: 05 CFG 02 | C28: CFG | D28: Modificaciones | E28: =+CFG!C41 -> 0 | F28: Nota de memoria | G28: 8.2.3 | H28: =+Memoria!C52 -> 0 | I28: =+ROUND(E28+H28,2) -> 0
A29: 03 EAE - NDM_Mem 03 | B29: 05 CFG 03 | C29: CFG | D29: Devengado | E29: =+CFG!E41 -> 0 | F29: Nota de memoria | G29: 8.2.5 + 8.2.6 + 8.2.7 | H29: =+Memoria!C54+Memoria!C55+Memoria!C56 -> 0 | I29: =+ROUND(E29-H29,2) -> 0
A30: 04 EAE - NDM_Mem 04 | B30: 05 CFG 04 | C30: CFG | D30: Pagado | E30: =+CFG!F41 -> 0 | F30: Nota de memoria | G30: 8.25 | H30: =+Memoria!C56 -> 0 | I30: =+ROUND(E30-H30,2) -> 0
A32: 01 ENT - IPF 01 | B32: 06 EN 01 | C32: EN | D32: Contratación | E32: =+EN!B27 -> 0 | F32: IPF | G32: Financiamiento (Recaudado/Pagado) | H32: =+IPF!E25 -> 0 | I32: =+ROUND(E32-H32,2) -> 0
A33: 01 ENT - IPF 01 | B33: 06 EN 02 | C33: EN | D33: Amortización | E33: =+EN!C27 -> 0 | F33: IPF | G33: Amortización de la deuda (Recaudado/Pagado) | H33: =+IPF!E27 -> 0 | I33: =+ROUND(E33-H33,2) -> 0
A34: 01 ENT - IPF 01 | B34: 06 EN 03 | C34: EN | D34: Endeudamiento Neto | E34: =+EN!D27 -> 0 | F34: IPF | G34: Endeudamiento ó desendeudamiento (Recaudado/Pagado) | H34: =+IPF!E29 -> 0 | I34: =+ROUND(E34-H34,2) -> 0
A36: 01 IND - EAE 05 | B36: 07 ID 01 | C36: ID | D36: Devengado | E36: =+ID!B23 -> 0 | F36: COG | G36: Intereses de la Deuda Pública (Devengado) | H36: =+COG!E70 -> 0 | I36: =+ROUND(E36-H36,2) -> 0
A37: 01 IND - EAE 05 | B37: 07 ID 02 | C37: ID | D37: Pagado | E37: =+ID!C23 -> 0 | F37: COG | G37: Intereses de la Deuda Pública (Pagado) | H37: =+COG!F70 -> 0 | I37: =+ROUND(E37-H37,2) -> 0
A39: 01 GCP - EAE 01 | B39: 08 GCP 01 | C39: GCP | D39: Aprobado | E39: =+GCP!B36 -> 0 | F39: Nota de memoria | G39: 8.2.1 | H39: =+Memoria!C50 -> 0 | I39: =+ROUND(E39+H39,2) -> 0
A40: 02 GCP - EAE 02 | B40: 08 GCP 02 | C40: GCP | D40: Modificaciones | E40: =+GCP!C36 -> 0 | F40: Nota de memoria | G40: 8.2.3 | H40: =+Memoria!C52 -> 0 | I40: =+ROUND(E40+H40,2) -> 0
A41: 03 GCP - EAE 03 | B41: 08 GCP 03 | C41: GCP | D41: Devengado | E41: =+GCP!E36 -> 0 | F41: Nota de memoria | G41: 8.2.5 + 8.2.6 + 8.2.7 | H41: =+Memoria!C54+Memoria!C55+Memoria!C56 -> 0 | I41: =ROUND(E41-H41,2) -> 0
A42: 04 GCP - EAE 04 | B42: 08 GCP 04 | C42: GCP | D42: Pagado | E42: =+GCP!F36 -> 0 | F42: Nota de memoria | G42: 8.25 | H42: =+Memoria!C56 -> 0 | I42: =ROUND(E42-H42,2) -> 0
A44: 01 GCP - EAE 01 | B44: 09 GCP 01 | C44: GCP | D44: Aprobado | E44: =+GCP!B36 -> 0 | F44: CA | G44: Aprobado | H44: =+CA!B13 -> 0 | I44: =+ROUND(E44-H44,2) -> 0
A45: 02 GCP - EAE 02 | B45: 09 GCP 02 | C45: GCP | D45: Modificaciones | E45: =+GCP!C36 -> 0 | F45: CA | G45: Modificaciones | H45: =+CA!C13 -> 0 | I45: =+ROUND(E45-H45,2) -> 0
A46: 03 GCP - EAE 03 | B46: 09 GCP 03 | C46: GCP | D46: Devengado | E46: =+GCP!E36 -> 0 | F46: CA | G46: Devengado | H46: =+CA!E13 -> 0 | I46: =ROUND(E46-H46,2) -> 0
A47: 04 GCP - EAE 04 | B47: 09 GCP 04 | C47: GCP | D47: Pagado | E47: =+GCP!F36 -> 0 | F47: CA | G47: Pagado | H47: =+CA!F13 -> 0 | I47: =ROUND(E47-H47,2) -> 0
A49: 01 GCP - EAE 01 | B49: 10 GCP 01 | C49: GCP | D49: Aprobado | E49: =+GCP!B36 -> 0 | F49: CTG | G49: Aprobado | H49: =+CTG!B15 -> 0 | I49: =+ROUND(E49-H49,2) -> 0
A50: 02 GCP - EAE 02 | B50: 10 GCP 02 | C50: GCP | D50: Modificaciones | E50: =+GCP!C36 -> 0 | F50: CTG | G50: Modificaciones | H50: =+CTG!C15 -> 0 | I50: =+ROUND(E50-H50,2) -> 0
A51: 03 GCP - EAE 03 | B51: 10 GCP 03 | C51: GCP | D51: Devengado | E51: =+GCP!E36 -> 0 | F51: CTG | G51: Devengado | H51: =+CTG!E15 -> 0 | I51: =ROUND(E51-H51,2) -> 0
A52: 04 GCP - EAE 04 | B52: 10 GCP 04 | C52: GCP | D52: Pagado | E52: =+GCP!F36 -> 0 | F52: CTG | G52: Pagado | H52: =+CTG!F15 -> 0 | I52: =ROUND(E52-H52,2) -> 0
A54: 01 GCP - EAE 01 | B54: 11 GCP 01 | C54: GCP | D54: Aprobado | E54: =+GCP!B36 -> 0 | F54: COG | G54: Aprobado | H54: =+COG!B76 -> 0 | I54: =+ROUND(E54-H54,2) -> 0
A55: 02 GCP - EAE 02 | B55: 11 GCP 02 | C55: GCP | D55: Modificaciones | E55: =+GCP!C36 -> 0 | F55: COG | G55: Modificaciones | H55: =+COG!C76 -> 0 | I55: =+ROUND(E55-H55,2) -> 0
A56: 03 GCP - EAE 03 | B56: 11 GCP 03 | C56: GCP | D56: Devengado | E56: =+GCP!E36 -> 0 | F56: COG | G56: Devengado | H56: =+CTG!E15 -> 0 | I56: =ROUND(E56-H56,2) -> 0
A57: 04 GCP - EAE 04 | B57: 11 GCP 04 | C57: GCP | D57: Pagado | E57: =+GCP!F36 -> 0 | F57: COG | G57: Pagado | H57: =+COG!F76 -> 0 | I57: =ROUND(E57-H57,2) -> 0
A59: 01 GCP - EAE 01 | B59: 12 GCP 01 | C59: GCP | D59: Aprobado | E59: =+GCP!B36 -> 0 | F59: CFG | G59: Aprobado | H59: =+CFG!B41 -> 0 | I59: =+ROUND(E59-H59,2) -> 0
A60: 02 GCP - EAE 02 | B60: 12 GCP 02 | C60: GCP | D60: Modificaciones | E60: =+GCP!C36 -> 0 | F60: CFG | G60: Modificaciones | H60: =+CFG!C41 -> 0 | I60: =+ROUND(E60-H60,2) -> 0
A61: 03 GCP - EAE 03 | B61: 12 GCP 03 | C61: GCP | D61: Devengado | E61: =+GCP!E36 -> 0 | F61: CFG | G61: Devengado | H61: =+CFG!E41 -> 0 | I61: =ROUND(E61-H61,2) -> 0
A62: 04 GCP - EAE 04 | B62: 12 GCP 04 | C62: GCP | D62: Pagado | E62: =+GCP!F36 -> 0 | F62: CFG | G62: Pagado | H62: =+CFG!F41 -> 0 | I62: =ROUND(E62-H62,2) -> 0

Sheet ACT
A1: Municipio de Atarjea, Gto. Estado de Actividades Del 1 de Enero al 31 de Marzo de 2025 (Cifras en Pesos)
A2: Concepto | B2: 2025 | C2: 2024
A3: INGRESOS Y OTROS BENEFICIOS
A4: Ingresos de Gestión | B4: =SUM(B5:B11) -> 0 | C4: =SUM(C5:C11) -> 0
A5: Impuestos | B5: 0 | C5: 0 | D5: 4110
A6: Cuotas y Aportaciones de Seguridad Social | B6: 0 | C6: 0 | D6: 4120
A7: Contribuciones de Mejoras | B7: 0 | C7: 0 | D7: 4130
A8: Derechos | B8: 0 | C8: 0 | D8: 4140
A9: Productos | B9: 0 | C9: 0 | D9: 4150
A10: Aprovechamientos | B10: 0 | C10: 0 | D10: 4160
A11: Ingresos por Venta de Bienes y Prestación de Servicios | B11: 0 | C11: 0 | D11: 4170
A13: Participaciones, Aportaciones, Convenios, Incentivos Derivados de la Colaboración Fiscal, Fondos Distintos de Aportaciones, Transferencias, Asignaciones, Subsidios y Subvenciones, y Pensiones y Jubilaciones | B13: =SUM(B14:B15) -> 0 | C13: =SUM(C14:C15) -> 0
A14: Participaciones, Aportaciones, Convenios, Incentivos Derivados de la Colaboración Fiscal y Fondos Distintos de Aportaciones | B14: 0 | C14: 0 | D14: 4210
A15: Transferencias, Asignaciones, Subsidios y Subvenciones, y Pensiones y Jubilaciones | B15: 0 | C15: 0 | D15: 4220
A17: Otros Ingresos y Beneficios | B17: =SUM(B18:B22) -> 0 | C17: =SUM(C18:C22) -> 0
A18: Ingresos Financieros | B18: 0 | C18: 0 | D18: 4310
A19: Incremento por Variación de Inventarios | B19: 0 | C19: 0 | D19: 4320
A20: Disminución del Exceso de Estimaciones por Pérdida o Deterioro u Obsolescencia | B20: 0 | C20: 0 | D20: 4330
A21: Disminución del Exceso de Provisiones | B21: 0 | C21: 0 | D21: 4340
A22: Otros Ingresos y Beneficios Varios | B22: 0 | C22: 0 | D22: 4390
A24: Total de Ingresos y Otros Beneficios | B24: =SUM(B4+B13+B17) -> 0 | C24: =SUM(C4+C13+C17) -> 0
A26: GASTOS Y OTRAS PÉRDIDAS
A27: Gastos de Funcionamiento | B27: =SUM(B28:B30) -> 0 | C27: =SUM(C28:C30) -> 0
A28: Servicios Personales | B28: 0 | C28: 0 | D28: 5110
A29: Materiales y Suministros | B29: 0 | C29: 0 | D29: 5120
A30: Servicios Generales | B30: 0 | C30: 0 | D30: 5130
A32: Transferencias, Asignaciones, Subsidios y Otras Ayudas | B32: =SUM(B33:B41) -> 0 | C32: =SUM(C33:C41) -> 0
A33: Transferencias Internas y Asignaciones al Sector Público | B33: 0 | C33: 0 | D33: 5210
A34: Transferencias al Resto del Sector Público | B34: 0 | C34: 0 | D34: 5220
A35: Subsidios y Subvenciones | B35: 0 | C35: 0 | D35: 5230
A36: Ayudas Sociales | B36: 0 | C36: 0 | D36: 5240
A37: Pensiones y Jubilaciones | B37: 0 | C37: 0 | D37: 5250
A38: Transferencias a Fideicomisos, Mandatos y Contratos Análogos | B38: 0 | C38: 0 | D38: 5260
A39: Transferencias a la Seguridad Social | B39: 0 | C39: 0 | D39: 5270
A40: Donativos | B40: 0 | C40: 0 | D40: 5280
A41: Transferencias al Exterior | B41: 0 | C41: 0 | D41: 5290
A43: Participaciones y Aportaciones | B43: =SUM(B44:B46) -> 0 | C43: =SUM(C44:C46) -> 0
A44: Participaciones | B44: 0 | C44: 0 | D44: 5310
A45: Aportaciones | B45: 0 | C45: 0 | D45: 5320
A46: Convenios | B46: 0 | C46: 0 | D46: 5330
A48: Intereses, Comisiones y Otros Gastos de la Deuda Pública | B48: =SUM(B49:B53) -> 0 | C48: =SUM(C49:C53) -> 0
A49: Intereses de la Deuda Pública | B49: 0 | C49: 0 | D49: 5410
A50: Comisiones de la Deuda Pública | B50: 0 | C50: 0 | D50: 5420
A51: Gastos de la Deuda Pública | B51: 0 | C51: 0 | D51: 5430
A52: Costo por Coberturas | B52: 0 | C52: 0 | D52: 5440
A53: Apoyos Financieros | B53: 0 | C53: 0 | D53: 5450
A55: Otros Gastos y Pérdidas Extraordinarias | B55: =SUM(B56:B61) -> 0 | C55: =SUM(C56:C61) -> 0
A56: Estimaciones, Depreciaciones, Deterioros, Obsolescencia y Amortizaciones | B56: 0 | C56: 0 | D56: 5510
A57: Provisiones | B57: 0 | C57: 0 | D57: 5520
A58: Disminución de Inventarios | B58: 0 | C58: 0 | D58: 5530
A59: Aumento por Insuficiencia de Estimaciones por Pérdida o Deterioro u Obsolescencia | B59: 0 | C59: 0 | D59: 5540
A60: Aumento por Insuficiencia de Provisiones | B60: 0 | C60: 0 | D60: 5550
A61: Otros Gastos | B61: 0 | C61: 0 | D61: 5590
A63: Inversión Pública | B63: =SUM(B64) -> 0 | C63: =SUM(C64) -> 0
A64: Inversión Pública no Capitalizable | B64: 0 | C64: 0 | D64: 5610
A66: Total de Gastos y Otras Pérdidas | B66: =B63+B55+B48+B43+B32+B27 -> 0 | C66: =C63+C55+C48+C43+C32+C27 -> 0
A68: Resultados del Ejercicio (Ahorro/Desahorro) | B68: =B24-B66 -> 0 | C68: =C24-C66 -> 0
A71: Bajo protesta de decir verdad declaramos que los Estados Financieros y sus notas, son razonablemente correctos y son responsabilidad del emisor.

Sheet ESF
A1: Municipio de Atarjea, Gto. Estado de Situación Financiera Al 31 de Marzo de 2025 (Cifras en Pesos)
A2: Concepto | B2: 2025 | C2: 2024 | D2: Concepto | E2: 2025 | F2: 2024
A3: ACTIVO | D3: PASIVO
A4: Activo Circulante | D4: Pasivo Circulante
A5: Efectivo y Equivalentes | B5: 22020315 | C5: 14623005 | D5: Cuentas por Pagar a Corto Plazo | E5: 2565456 | F5: 3033440.6
A6: Derechos a Recibir Efectivo o Equivalentes | B6: 3545336.9 | C6: 3087891.2 | D6: Documentos por Pagar a Corto Plazo | E6: 0 | F6: 0
A7: Derechos a Recibir Bienes o Servicios | B7: 636644.48 | C7: 1752279.6 | D7: Porción a Corto Plazo de la Deuda Pública a Largo Plazo | E7: 0 | F7: 0
A8: Inventarios | B8: 0 | C8: 0 | D8: Títulos y Valores a Corto Plazo | E8: 0 | F8: 0
A9: Almacenes | B9: 0 | C9: 0 | D9: Pasivos Diferidos a Corto Plazo | E9: 0 | F9: 0
A10: Estimación por Pérdida o Deterioro de Activos Circulantes | B10: 0 | C10: 0 | D10: Fondos y Bienes de Terceros en Garantía y/o Administración a Corto Plazo | E10: 0 | F10: 0
A11: Otros Activos Circulantes | B11: 0 | C11: 0 | D11: Provisiones a Corto Plazo | E11: 0 | F11: 0
D12: Otros Pasivos a Corto Plazo | E12: 0 | F12: 0
A13: Total de Activos Circulantes | B13: =SUM(B5:B11) -> 26202297 | C13: =SUM(C5:C11) -> 19463175
D14: Total de Pasivos Circulantes | E14: =SUM(E5:E12) -> 2565456 | F14: =SUM(F5:F12) -> 3033440.6
A15: Activo No Circulante
A16: Inversiones Financieras a Largo Plazo | B16: -963755.72 | C16: -963755.72 | D16: Pasivo No Circulante
A17: Derechos a Recibir Efectivo o Equivalentes a Largo Plazo | B17: 0 | C17: 0 | D17: Cuentas por Pagar a Largo Plazo | E17: 0 | F17: 0
A18: Bienes Inmuebles, Infraestructura y Construcciones en Proceso | B18: 2.787885e+08 | C18: 2.727852e+08 | D18: Documentos por Pagar a Largo Plazo | E18: 0 | F18: 0
A19: Bienes Muebles | B19: 32315358 | C19: 30760558 | D19: Deuda Pública a Largo Plazo | E19: 0 | F19: 0
A20: Activos Intangibles | B20: 112810 | C20: 112810 | D20: Pasivos Diferidos a Largo Plazo | E20: 0 | F20: 0
A21: Depreciación, Deterioro y Amortización Acumulada de Bienes | B21: -16837132 | C21: -16837132 | D21: Fondos y Bienes de Terceros en Garantía y/o Administración a Largo Plazo | E21: 0 | F21: 0
A22: Activos Diferidos | B22: 4775856.9 | C22: 4775856.9 | D22: Provisiones a Largo Plazo | E22: 0 | F22: 0
A23: Estimación por Pérdida o Deterioro de Activos no Circulantes | B23: 0 | C23: 0
A24: Otros Activos no Circulantes | B24: 0 | C24: 0 | D24: Total de Pasivos No Circulantes | E24: =SUM(E17:E22) -> 0 | F24: =SUM(F17:F22) -> 0
A26: Total de Activos No Circulantes | B26: =SUM(B16:B24) -> 2.9819164e+08 | C26: =SUM(C16:C24) -> 2.9063354e+08 | D26: Total del Pasivo | E26: =SUM(E24+E14) -> 2565456 | F26: =SUM(F14+F24) -> 3033440.6
A28: Total del Activo | B28: =B13+B26 -> 3.2439393e+08 | C28: =C13+C26 -> 3.1009671e+08 | D28: HACIENDA PÚBLICA/PATRIMONIO
D30: Hacienda Pública/Patrimonio Contribuido | E30: =SUM(E31:E33) -> 6882418.9 | F30: =SUM(F31:F33) -> 6882418.9
D31: Aportaciones | E31: 6071228.9 | F31: 6071228.9
D32: Donaciones de Capital | E32: 811190 | F32: 811190
D33: Actualización de la Hacienda Pública/Patrimonio | E33: 0 | F33: 0
D35: Hacienda Pública/Patrimonio Generado | E35: =SUM(E36:E40) -> 2.9431032e+08 | F35: =SUM(F36:F40) -> 3.001401e+08
D36: Resultados del Ejercicio (Ahorro/ Desahorro) | E36: 14765203 | F36: 20594987
D37: Resultados de Ejercicios Anteriores | E37: 2.7845338e+08 | F37: 2.7845338e+08
D38: Revalúos | E38: 1091735 | F38: 1091735
D39: Reservas | E39: 0 | F39: 0
D40: Rectificaciones de Resultados de Ejercicios Anteriores | E40: 0 | F40: 0
D42: Exceso o Insuficiencia en la Actualización de la Hacienda Pública/Patrimonio | E42: =SUM(E43:E44) -> 0 | F42: =SUM(F43:F44) -> 0
D43: Resultado por Posición Monetaria | E43: 0 | F43: 0
D44: Resultado por Tenencia de Activos no Monetarios | E44: 0 | F44: 0
D46: Total Hacienda Pública/Patrimonio | E46: =SUM(E42+E35+E30) -> 3.0119274e+08 | F46: =SUM(F42+F35+F30) -> 3.0702252e+08
D48: Total del Pasivo y Hacienda Pública/Patrimonio | E48: =E46+E26 -> 3.0375819e+08 | F48: =F46+F26 -> 3.1005596e+08
A51: Bajo protesta de decir verdad declaramos que los Estados Financieros y sus notas, son razonablemente correctos y son responsabilidad del emisor.

Sheet VHP
A1: Municipio de Atarjea, Gto. Estado de Variación en la Hacienda Pública Del 1 de Enero 31 de Marzo de 2025 (Cifras en Pesos)
A2: Concepto | B2: Hacienda Pública / Patrimonio Contribuido | C2: Hacienda Pública / Patrimonio Generado de Ejercicios Anteriores | D2: Hacienda Pública / Patrimonio Generado del Ejercicio | E2: Exceso o Insuficiencia en la Actualización de la Hacienda Pública / Patrimonio | F2: Total
A4: Hacienda Pública/Patrimonio Contribuido Neto de 2024 | B4: =SUM(B5:B7) -> 6882418.9 | F4: =SUM(B4:E4) -> 6882418.9
A5: Aportaciones | B5: 6071228.9 | F5: =SUM(B5:E5) -> 6071228.9
A6: Donaciones de Capital | B6: 811190 | F6: =SUM(B6:E6) -> 811190
A7: Actualización de la Hacienda Pública/Patrimonio | B7: 0 | F7: =SUM(B7:E7) -> 0
A9: Hacienda Pública/Patrimonio Generado Neto de 2024 | C9: =SUM(C10:C14) -> 2.7954511e+08 | D9: =D10 -> 20594987 | F9: =SUM(B9:E9) -> 3.001401e+08
A10: Resultados del Ejercicio (Ahorro/Desahorro) | D10: 20594987 | F10: =SUM(B10:E10) -> 20594987
A11: Resultados de Ejercicios Anteriores | C11: 2.7845338e+08 | F11: =SUM(B11:E11) -> 2.7845338e+08
A12: Revalúos | C12: 1091735 | F12: =SUM(B12:E12) -> 1091735
A13: Reservas | C13: 0 | F13: =SUM(B13:E13) -> 0
A14: Rectificaciones de Resultados de Ejercicios Anteriores | C14: 0 | F14: =SUM(B14:E14) -> 0
A16: Exceso o Insuficiencia en la Actualización de la Hacienda Pública/Patrimonio Neto de 2024 | E16: =SUM(E17:E18) -> 0 | F16: =SUM(B16:E16) -> 0
A17: Resultado por Posición Monetaria | E17: 0 | F17: =SUM(B17:E17) -> 0
A18: Resultado por Tenencia de Activos no Monetarios | E18: 0 | F18: =SUM(B18:E18) -> 0
A20: Hacienda Pública/Patrimonio Neto Final de 2024 | B20: =B4 -> 6882418.9 | C20: =C9 -> 2.7954511e+08 | D20: =D9 -> 20594987 | E20: =E16 -> 0 | F20: =SUM(B20:E20) -> 3.0702252e+08
A22: Cambios en la Hacienda Pública/Patrimonio Contribuido Neto de 2025 | B22: =SUM(B23:B25) -> 0 | F22: =SUM(B22:E22) -> 0
A23: Aportaciones | B23: 0 | F23: =SUM(B23:E23) -> 0
A24: Donaciones de Capital | B24: 0 | F24: =SUM(B24:E24) -> 0
A25: Actualización de la Hacienda Pública/Patrimonio | B25: 0 | F25: =SUM(B25:E25) -> 0
A27: Variaciones de la Hacienda Pública/Patrimonio Generado Neto de 2025 | C27: =C29 -> 0 | D27: =SUM(D28:D32) -> -5829784.1 | F27: =SUM(B27:E27) -> -5829784.1
A28: Resultados del Ejercicio (Ahorro/Desahorro) | D28: 14765203 | F28: =SUM(B28:E28) -> 14765203
A29: Resultados de Ejercicios Anteriores | C29: 0 | D29: -20594987 | F29: =SUM(B29:E29) -> -20594987
A30: Revalúos | D30: 0 | F30: =SUM(B30:E30) -> 0
A31: Reservas | D31: 0 | F31: =SUM(B31:E31) -> 0
A32: Rectificaciones de Resultados de Ejercicios Anteriores | D32: 0 | F32: =SUM(B32:E32) -> 0
A34: Cambios en el Exceso o Insuficiencia en la Actualización de la Hacienda Pública/Patrimonio Neto de 2025 | E34: =SUM(E35:E36) -> 0 | F34: =SUM(B34:E34) -> 0
A35: Resultado por Posición Monetaria | E35: 0 | F35: =SUM(B35:E35) -> 0
A36: Resultado por Tenencia de Activos no Monetarios | E36: 0 | F36: =SUM(B36:E36) -> 0
A38: Hacienda Pública/Patrimonio Neto Final de 2025 | B38: =B20+B22 -> 6882418.9 | C38: =+C20+C27 -> 2.7954511e+08 | D38: =D20+D27 -> 14765203 | E38: =+E20+E34 -> 0 | F38: =SUM(B38:E38) -> 3.0119274e+08
A40: Bajo protesta de decir verdad declaramos que los Estados Financieros y sus notas, son razonablemente correctos y son responsabilidad del emisor.

Sheet CSF
A1: Municipio de Atarjea, Gto. Estado de Cambios en la Situación Financiera Del 1 de Enero al 31 de Marzo de 2025 (Cifras en Pesos)
A2: Concepto | B2: Origen | C2: Aplicación
A3: ACTIVO | B3: =B4+B13 -> 1115635.1 | C3: =C4+C13 -> 15412853
A4: Activo Circulante | B4: =SUM(B5:B11) -> 1115635.1 | C4: =SUM(C5:C11) -> 7854756.2
A5: Efectivo y Equivalentes | B5: 0 | C5: 7397310.6
A6: Derechos a Recibir Efectivo o Equivalentes | B6: 0 | C6: 457445.64
A7: Derechos a Recibir Bienes o Servicios | B7: 1115635.1 | C7: 0
A8: Inventarios | B8: 0 | C8: 0
A9: Almacenes | B9: 0 | C9: 0
A10: Estimación por Pérdida o Deterioro de Activos Circulantes | B10: 0 | C10: 0
A11: Otros Activos Circulantes | B11: 0 | C11: 0
A13: Activo No Circulante | B13: =SUM(B14:B22) -> 0 | C13: =SUM(C14:C22) -> 7558097
A14: Inversiones Financieras a Largo Plazo | B14: 0 | C14: 0
A15: Derechos a Recibir Efectivo o Equivalentes a Largo Plazo | B15: 0 | C15: 0
A16: Bienes Inmuebles, Infraestructura y Construcciones en Proceso | B16: 0 | C16: 6003297
A17: Bienes Muebles | B17: 0 | C17: 1554800
A18: Activos Intangibles | B18: 0 | C18: 0
A19: Depreciación, Deterioro y Amortización Acumulada de Bienes | B19: 0 | C19: 0
A20: Activos Diferidos | B20: 0 | C20: 0
A21: Estimación por Pérdida o Deterioro de Activos no Circulantes | B21: 0 | C21: 0
A22: Otros Activos no Circulantes | B22: 0 | C22: 0
A24: PASIVO | B24: =B25+B35 -> 0 | C24: =C25+C35 -> 467984.61
A25: Pasivo Circulante | B25: =SUM(B26:B33) -> 0 | C25: =SUM(C26:C33) -> 467984.61
A26: Cuentas por Pagar a Corto Plazo | B26: 0 | C26: 467984.61
A27: Documentos por Pagar a Corto Plazo | B27: 0 | C27: 0
A28: Porción a Corto Plazo de la Deuda Pública a Largo Plazo | B28: 0 | C28: 0
A29: Títulos y Valores a Corto Plazo | B29: 0 | C29: 0
A30: Pasivos Diferidos a Corto Plazo | B30: 0 | C30: 0
A31: Fondos y Bienes de Terceros en Garantía y/o Administración a Corto Plazo | B31: 0 | C31: 0
A32: Provisiones a Corto Plazo | B32: 0 | C32: 0
A33: Otros Pasivos a Corto Plazo | B33: 0 | C33: 0
A35: Pasivo No Circulante | B35: =SUM(B36:B41) -> 0 | C35: =SUM(C36:C41) -> 0
A36: Cuentas por Pagar a Largo Plazo | B36: 0 | C36: 0
A37: Documentos por Pagar a Largo Plazo | B37: 0 | C37: 0
A38: Deuda Pública a Largo Plazo | B38: 0 | C38: 0
A39: Pasivos Diferidos a Largo Plazo | B39: 0 | C39: 0
A40: Fondos y Bienes de Terceros en Garantía y/o Administración a Largo Plazo | B40: 0 | C40: 0
A41: Provisiones a Largo Plazo | B41: 0 | C41: 0
A43: HACIENDA PÚBLICA/PATRIMONIO | B43: =B45+B50+B57 -> 0 | C43: =C45+C50+C57 -> 5829784.1
A45: Hacienda Pública/Patrimonio Contribuido | B45: =SUM(B46:B48) -> 0 | C45: =SUM(C46:C48) -> 0
A46: Aportaciones | B46: 0 | C46: 0
A47: Donaciones de Capital | B47: 0 | C47: 0
A48: Actualización de la Hacienda Pública/Patrimonio | B48: 0 | C48: 0
A50: Hacienda Pública/Patrimonio Generado | B50: =SUM(B51:B55) -> 0 | C50: =SUM(C51:C55) -> 5829784.1
A51: Resultados del Ejercicio (Ahorro/ Desahorro) | B51: 0 | C51: 5829784.1
A52: Resultados de Ejercicios Anteriores | B52: 0 | C52: 0
A53: Revalúos | B53: 0 | C53: 0
A54: Reservas | B54: 0 | C54: 0
A55: Rectificaciones de Resultados de Ejercicios Anteriores | B55: 0 | C55: 0
A57: Exceso o Insuficiencia en la Actualización de la Hacienda Pública/Patrimonio | B57: =SUM(B58:B59) -> 0 | C57: =SUM(C58:C59) -> 0
A58: Resultado por Posición Monetaria | B58: 0 | C58: 0
A59: Resultado por Tenencia de Activos no Monetarios | B59: 0 | C59: 0
A62: Bajo protesta de decir verdad declaramos que los Estados Financieros y sus notas, son razonablemente correctos y son responsabilidad del emisor.

Sheet EFE
A1: Municipio de Atarjea, Gto. Estado de Flujos de Efectivo Del 1 de Enero al 31 de Marzo de 2025 (Cifras en Pesos)
A2: Concepto | B2: 2025 | C2: 2024 | V2: 20XN-1
A3: Flujos de Efectivo de las Actividades de Operación
A4: Origen | B4: =SUM(B5:B14) -> 25123115 | C4: =SUM(C5:C14) -> 1.0157529e+08 | D4: XX
A5: Impuestos | B5: 34968 | C5: 56678 | D5: 100000
A6: Cuotas y Aportaciones de Seguridad Social | B6: 0 | C6: 0 | D6: 200000
A7: Contribuciones de Mejoras | B7: 0 | C7: 0 | D7: 300000
A8: Derechos | B8: 9196.62 | C8: 42649.82 | D8: 400000
A9: Productos | B9: -8733.36 | C9: 114650.02 | D9: 500000
A10: Aprovechamientos | B10: 30560.82 | C10: 572437.45 | D10: 600000
A11: Ingresos por Venta de Bienes y Prestación de Servicios | B11: 0 | C11: 0 | D11: 700000
A12: Participaciones, Aportaciones, Convenios, Incentivos Derivados de la Colaboración Fiscal y Fondos Distintos de Aportaciones | B12: 23455577 | C12: 83889648 | D12: 800000
A13: Transferencias, Asignaciones, Subsidios y Subvenciones, y Pensiones y Jubilaciones | B13: 1601546.1 | C13: 16899230 | D13: 900000
A14: Otros Orígenes de Operación | B14: 0 | C14: 0 | D14: OTOROP
D15: XX
A16: Aplicación | B16: =SUM(B17:B32) -> 10357912 | C16: =SUM(C17:C32) -> 78673213 | D16: XX
A17: Servicios Personales | B17: 3841234.2 | C17: 21155431 | D17: 1000
A18: Materiales y Suministros | B18: 2123277.3 | C18: 17132937 | D18: 2000
A19: Servicios Generales | B19: 1143163.9 | C19: 15313751 | D19: 3000
A20: Transferencias Internas y Asignaciones al Sector Público | B20: 0 | C20: 0 | D20: 4100
A21: Transferencias al resto del Sector Público | B21: 960000 | C21: 3950735.8 | D21: 4200
A22: Subsidios y Subvenciones | B22: 0 | C22: 0 | D22: 4300
A23: Ayudas Sociales | B23: 2290237 | C23: 21120357 | D23: 4400
A24: Pensiones y Jubilaciones | B24: 0 | C24: 0 | D24: 4500
A25: Transferencias a Fideicomisos, Mandatos y Contratos Análogos | B25: 0 | C25: 0 | D25: 4600
A26: Transferencias a la Seguridad Social | B26: 0 | C26: 0 | D26: 4700
A27: Donativos | B27: 0 | C27: 0 | D27: 4800
A28: Transferencias al Exterior | B28: 0 | C28: 0 | D28: 4900
... A31: Convenios | B31: 0 | C31: 0 | D31: 8500
A32: Otras Aplicaciones de Operación | B32: 0 | C32: 0 | D32: XX
A33: Flujos Netos de Efectivo por Actividades de Operación | B33: =B4-B16 -> 14765203 | C33: =C4-C16 -> 22902080 | D33: XX
D34: XX
A35: Flujos de Efectivo de las actividades de Inversión | D35: XX
A36: Origen | B36: =SUM(B37:B39) -> 0 | C36: =SUM(C37:C39) -> 0 | D36: XX
A37: Bienes Inmuebles, Infraestructura y Construcciones en Proceso | B37: 0 | C37: 0 | D37: 620001
A38: Bienes Muebles | B38: 0 | C38: 0 | D38: 621001
A39: Otros Orígenes de Inversión | B39: 0 | C39: 0 | D39: XX
D40: XX
A41: Aplicación | B41: =SUM(B42:B44) -> 7558097 | C41: =SUM(C42:C44) -> 73181272 | D41: XX
A42: Bienes Inmuebles, Infraestructura y Construcciones en Proceso | B42: 6003297 | C42: 68384107 | D42: 6000
A43: Bienes Muebles | B43: 1554800 | C43: 4797165.3 | D43: 5000
A44: Otras Aplicaciones de Inversión | B44: 0 | C44: 0 | D44: 7000
A45: Flujos Netos de Efectivo por Actividades de Inversión | B45: =B36-B41 -> -7558097 | C45: =C36-C41 -> -73181272 | D45: XX
D46: XX
A47: Flujos de Efectivo de las actividades de Financiamiento | D47: XX
A48: Origen | B48: =SUM(B49+B52) -> 190204.85 | C48: =SUM(C49+C52) -> 5404059.9 | D48: XX
A49: Endeudamiento Neto | B49: =B50+B51 -> 0 | C49: =C50+C51 -> 0 | D49: XX
A50: Interno | B50: 0 | C50: 0 | D50: 010000
A51: Externo | B51: 0 | C51: 0 | D51: 020000
A52: Otros Orígenes de Financiamiento | B52: 190204.85 | C52: 5404059.9
D53: XX
A54: Aplicación | B54: =SUM(B55+B58) -> 0 | C54: =SUM(C55+C58) -> 0 | D54: XX
A55: Servicios de la Deuda | B55: =SUM(B56+B57) -> 0 | C55: =SUM(C56+C57) -> 0 | D55: XX
A56: Interno | B56: 0 | C56: 0 | D56: INTER
A57: Externo | B57: 0 | C57: 0 | D57: EXTER
A58: Otras Aplicaciones de Financiamiento | B58: 0 | C58: 0 | D58: XX
A59: Flujos Netos de Efectivo por Actividades de Financiamiento | B59: =B48-B54 -> 190204.85 | C59: =C48-C54 -> 5404059.9 | D59: XX
D60: XX
A61: Incremento/Disminución Neta en el Efectivo y Equivalentes al Efectivo | B61: =B59+B45+B33 -> 7397310.6 | C61: =C59+C45+C33 -> -44875132 | D61: XX
D62: XX
A63: Efectivo y Equivalentes al Efectivo al Inicio del Ejercicio | B63: 14623005 | C63: 59498137 | D63: XX
D64: XX
A65: Efectivo y Equivalentes al Efectivo al Final del Ejercicio | B65: 22020315 | C65: 14623005 | D65: XX
A68: Bajo protesta de decir verdad declaramos que los Estados Financieros y sus notas, son razonablemente correctos y son responsabilidad del emisor.

Sheet EAA
A1: Municipio de Atarjea, Gto. Estado Analítico del Activo Del 1 de Enero al 31 de Marzo de 2025 (Cifras en Pesos)
A2: Concepto | B2: Saldo Inicial | C2: Cargos del Periodo | D2: Abonos del Periodo | E2: Saldo Final | F2: Variación Del Periodo
A3: ACTIVO | B3: =B4+B12 -> 3.1009671e+08 | C3: =C4+C12 -> 84342864 | D3: =D4+D12 -> 70045646 | E3: =E4+E12 -> 3.2439393e+08 | F3: =F4+F12 -> 14297218
A4: Activo Circulante | B4: =SUM(B5:B11) -> 19463175 | C4: =SUM(C5:C11) -> 58857885 | D4: =SUM(D5:D11) -> 52118764 | E4: =SUM(E5:E11) -> 26202297 | F4: =SUM(F5:F11) -> 6739121.1
A5: Efectivo y Equivalentes | B5: 14623005 | C5: 55285547 | D5: 47888237 | E5: =B5+C5-D5 -> 22020315 | F5: =E5-B5 -> 7397310.6
A6: Derechos a Recibir Efectivo o Equivalentes | B6: 3087891.2 | C6: 1184467.4 | D6: 727021.8 | E6: =B6+C6-D6 -> 3545336.9 | F6: =E6-B6 -> 457445.64
A7: Derechos a Recibir Bienes o Servicios | B7: 1752279.6 | C7: 2387870.4 | D7: 3503505.5 | E7: =B7+C7-D7 -> 636644.48 | F7: =E7-B7 -> -1115635.1
A8: Inventarios | B8: 0 | C8: 0 | D8: 0 | E8: =B8+C8-D8 -> 0 | F8: =E8-B8 -> 0
A9: Almacenes | B9: 0 | C9: 0 | D9: 0 | E9: =B9+C9-D9 -> 0 | F9: =E9-B9 -> 0
A10: Estimación por Pérdida o Deterioro de Activos Circulantes | B10: 0 | C10: 0 | D10: 0 | E10: =B10+C10-D10 -> 0 | F10: =E10-B10 -> 0
A11: Otros Activos Circulantes | B11: 0 | C11: 0 | D11: 0 | E11: =B11+C11-D11 -> 0 | F11: =E11-B11 -> 0
A12: Activo No Circulante | B12: =SUM(B13:B21) -> 2.9063354e+08 | C12: =SUM(C13:C21) -> 25484980 | D12: =SUM(D13:D21) -> 17926883 | E12: =SUM(E13:E21) -> 2.9819164e+08 | F12: =SUM(F13:F21) -> 7558097
A13: Inversiones Financieras a Largo Plazo | B13: -963755.72 | C13: 0 | D13: 0 | E13: =B13+C13-D13 -> -963755.72 | F13: =E13-B13 -> 0
A14: Derechos a Recibir Efectivo o Equivalentes a Largo Plazo | B14: 0 | C14: 0 | D14: 0 | E14: =B14+C14-D14 -> 0 | F14: =E14-B14 -> 0
A15: Bienes Inmuebles, Infraestructura y Construcciones en Proceso | B15: 2.727852e+08 | C15: 22375380 | D15: 16372083 | E15: =B15+C15-D15 -> 2.787885e+08 | F15: =E15-B15 -> 6003297
A16: Bienes Muebles | B16: 30760558 | C16: 3109600 | D16: 1554800 | E16: =B16+C16-D16 -> 32315358 | F16: =E16-B16 -> 1554800
A17: Activos Intangibles | B17: 112810 | C17: 0 | D17: 0 | E17: =B17+C17-D17 -> 112810 | F17: =E17-B17 -> 0
A18: Depreciación, Deterioro y Amortización Acumulada de Bienes | B18: -16837132 | C18: 0 | D18: 0 | E18: =B18+C18-D18 -> -16837132 | F18: =E18-B18 -> 0
A19: Activos Diferidos | B19: 4775856.9 | C19: 0 | D19: 0 | E19: =B19+C19-D19 -> 4775856.9 | F19: =E19-B19 -> 0
A20: Estimación por Pérdida o Deterioro de Activos no Circulantes | B20: 0 | C20: 0 | D20: 0 | E20: =B20+C20-D20 -> 0 | F20: =E20-B20 -> 0
A21: Otros Activos no Circulantes | B21: 0 | C21: 0 | D21: 0 | E21: =B21+C21-D21 -> 0 | F21: =E21-B21 -> 0
A23: Bajo protesta de decir verdad declaramos que los Estados Financieros y sus notas, son razonablemente correctos y son responsabilidad del emisor.

Sheet ADP
A1: Municipio de Atarjea, Gto. Estado Analítico de la Deuda y Otros Pasivos Del 1 de Enero al 31 de Marzo de 2025 (Cifras en Pesos)
A2: Denominación de las Deudas | B2: Moneda de Contratación | C2: Institución o País Acreedor | D2: Saldo Inicial del Período | E2: Saldo Final del Período
A3: DEUDA PÚBLICA | D3: =D16+D30 -> 0 | E3: =E16+E30 -> 0
A4: Corto Plazo
A5: Deuda Interna | D5: =SUM(D6:D8) -> 0 | E5: =SUM(E6:E8) -> 0
A6: Instituciones de Crédito | D6: 0 | E6: 0
A7: Títulos y Valores | D7: 0 | E7: 0
A8: Arrendamientos Financieros | D8: 0 | E8: 0
A10: Deuda Externa | D10: =SUM(D11:D14) -> 0 | E10: =SUM(E11:E14) -> 0
A11: Organismos Financieros Internacionales | D11: 0 | E11: 0
A12: Deuda Bilateral | D12: 0 | E12: 0
A13: Títulos y Valores | D13: 0 | E13: 0
A14: Arrendamientos Financieros | D14: 0 | E14: 0
A16: Subtotal de Deuda Pública a Corto Plazo | D16: =D10+D5 -> 0 | E16: =E10+E5 -> 0
A18: Largo Plazo
A19: Deuda Interna | D19: =SUM(D20:D22) -> 0 | E19: =SUM(E20:E22) -> 0
A20: Instituciones de Crédito | D20: 0 | E20: 0
A21: Títulos y Valores | D21: 0 | E21: 0
A22: Arrendamientos Financieros | D22: 0 | E22: 0
A24: Deuda Externa | D24: =SUM(D25:D28) -> 0 | E24: =SUM(E25:E28) -> 0
A25: Organismos Financieros Internacionales | D25: 0 | E25: 0
A26: Deuda Bilateral | D26: 0 | E26: 0
A27: Títulos y Valores | D27: 0 | E27: 0
A28: Arrendamientos Financieros | D28: 0 | E28: 0
A30: Subtotal de Deuda Pública a Largo Plazo | D30: =D24+D19 -> 0 | E30: =E24+E19 -> 0
A32: Total de Otros Pasivos | D32: 3033440.6 | E32: 2565456
A34: Total de Deuda Pública y Otros Pasivos | D34: =D32+D3 -> 3033440.6 | E34: =E32+E3 -> 2565456
A37: Bajo protesta de decir verdad declaramos que los Estados Financieros y sus notas, son razonablemente correctos y son responsabilidad del emisor.

Sheet EAI
A1: Nombre del ente público Estado Analítico de Ingresos DEL XXXX AL XXXX (Cifras en Pesos)
B2: Ingreso | G2: Diferencia
A3: Rubro de Ingresos / Fuente de Financiamiento | B3: Estimado | C3: Ampliaciones/(Reducciones) | D3: Modificado | E3: Devengado | F3: Recaudado
A4: Impuestos | B4: 0 | C4: 0 | D4: =B4+C4 -> 0 | E4: 0 | F4: 0 | G4: =F4-B4 -> 0 | H4: 10
A5: Cuotas y Aportaciones de Seguridad Social | B5: 0 | C5: 0 | D5: =B5+C5 -> 0 | E5: 0 | F5: 0 | G5: =F5-B5 -> 0 | H5: 20
A6: Contribuciones de Mejoras | B6: 0 | C6: 0 | D6: =B6+C6 -> 0 | E6: 0 | F6: 0 | G6: =F6-B6 -> 0 | H6: 30
A7: Derechos | B7: 0 | C7: 0 | D7: =B7+C7 -> 0 | E7: 0 | F7: 0 | G7: =F7-B7 -> 0 | H7: 40
A8: Productos | B8: 0 | C8: 0 | D8: =B8+C8 -> 0 | E8: 0 | F8: 0 | G8: =F8-B8 -> 0 | H8: 50
A9: Aprovechamientos | B9: 0 | C9: 0 | D9: =B9+C9 -> 0 | E9: 0 | F9: 0 | G9: =F9-B9 -> 0 | H9: 60
A10: Ingresos por Venta de Bienes, Prestación de Servicios y Otros Ingresos | B10: 0 | C10: 0 | D10: =B10+C10 -> 0 | E10: 0 | F10: 0 | G10: =F10-B10 -> 0 | H10: 70
A11: Participaciones, Aportaciones, Convenios, Incentivos Derivados de la Colaboración Fiscal y Fondos Distintos de Aportaciones | B11: 0 | C11: 0 | D11: =B11+C11 -> 0 | E11: 0 | F11: 0 | G11: =F11-B11 -> 0 | H11: 80
A12: Transferencias, Asignaciones, Subsidios y Subvenciones, y Pensiones y Jubilaciones | B12: 0 | C12: 0 | D12: =B12+C12 -> 0 | E12: 0 | F12: 0 | G12: =F12-B12 -> 0 | H12: 90
A13: Ingresos Derivados de Financiamientos | B13: 0 | C13: 0 | D13: =B13+C13 -> 0 | E13: 0 | F13: 0 | G13: =F13-B13 -> 0 | H13: 00
H14: xx
A15: Total | B15: =SUM(B4:B13) -> 0 | C15: =SUM(C4:C13) -> 0 | D15: =SUM(D4:D13) -> 0 | E15: =SUM(E4:E13) -> 0 | F15: =SUM(F4:F13) -> 0 | G15: =SUM(G4:G13) -> 0 | H15: xx
E16: Ingresos Excedentes | H16: xx
B17: Ingreso | G17: Diferencia | H17: xx
A18: Rubro de Ingresos / Fuente de Financiamiento | B18: Estimado | C18: Ampliaciones/(Reducciones) | D18: Modificado | E18: Devengado | F18: Recaudado | H18: xx
A19: Ingresos del Poder Ejecutivo Federal o Estatal y de los Municipios | B19: =SUM(B20+B21+B22+B23+B24+B25+B26+B27) -> 0 | C19: =SUM(C20+C21+C22+C23+C24+C25+C26+C27) -> 0 | D19: =SUM(D20+D21+D22+D23+D24+D25+D26+D27) -> 0 | E19: =SUM(E20+E21+E22+E23+E24+E25+E26+E27) -> 0 | F19: =SUM(F20+F21+F22+F23+F24+F25+F26+F27) -> 0 | G19: =SUM(G20+G21+G22+G23+G24+G25+G26+G27) -> 0 | H19: xx
A20: Impuestos | B20: 0 | C20: 0 | D20: =B20+C20 -> 0 | E20: 0 | F20: 0 | G20: =F20-B20 -> 0 | H20: 10
A21: Cuotas y Aportaciones de Seguridad Social | B21: 0 | C21: 0 | D21: =B21+C21 -> 0 | E21: 0 | F21: 0 | G21: =F21-B21 -> 0 | H21: 20
A22: Contribuciones de Mejoras | B22: 0 | C22: 0 | D22: =B22+C22 -> 0 | E22: 0 | F22: 0 | G22: =F22-B22 -> 0 | H22: 30
A23: Derechos | B23: 0 | C23: 0 | D23: =B23+C23 -> 0 | E23: 0 | F23: 0 | G23: =F23-B23 -> 0 | H23: 40
A24: Productos1 | B24: 0 | C24: 0 | D24: =B24+C24 -> 0 | E24: 0 | F24: 0 | G24: =F24-B24 -> 0 | H24: 50
A25: Aprovechamientos2 | B25: 0 | C25: 0 | D25: =B25+C25 -> 0 | E25: 0 | F25: 0 | G25: =F25-B25 -> 0 | H25: 60
A26: Participaciones, Aportaciones, Convenios, Incentivos Derivados de la Colaboración Fiscal y Fondos Distintos de Aportaciones | B26: 0 | C26: 0 | D26: =B26+C26 -> 0 | E26: 0 | F26: 0 | G26: =F26-B26 -> 0 | H26: 80
A27: Transferencias, Asignaciones, Subsidios y Subvenciones, y Pensiones y Jubilaciones | B27: 0 | C27: 0 | D27: =B27+C27 -> 0 | E27: 0 | F27: 0 | G27: =F27-B27 -> 0 | H27: 90
H28: xx
A29: Ingresos de los Entes Públicos de los Poderes Legislativo y Judicial, de los Órganos Autónomos y del Sector Paraestatal o Paramunicipal, así como de las Empresas Productivas del Estado | B29: =SUM(B30:B33) -> 0 | C29: =SUM(C30:C33) -> 0 | D29: =SUM(D30:D33) -> 0 | E29: =SUM(E30:E33) -> 0 | F29: =SUM(F30:F33) -> 0 | G29: =SUM(G30:G33) -> 0 | H29: xx
A30: Cuotas y Aportaciones de Seguridad Social | B30: 0 | C30: 0 | D30: =B30+C30 -> 0 | E30: 0 | F30: 0 | G30: =F30-B30 -> 0 | H30: 20
A31: Productos | B31: 0 | C31: 0 | D31: =B31+C31 -> 0 | E31: 0 | F31: 0 | G31: =F31-B31 -> 0 | H31: 50
A32: Ingresos por Venta de Bienes, Prestación de Servicios y Otros Ingresos3 | B32: 0 | C32: 0 | D32: =B32+C32 -> 0 | E32: 0 | F32: 0 | G32: =F32-B32 -> 0 | H32: 70
A33: Transferencias, Asignaciones, Subsidios y Subvenciones, y Pensiones y Jubilaciones | B33: 0 | C33: 0 | D33: =B33+C33 -> 0 | E33: 0 | F33: 0 | G33: =F33-B33 -> 0 | H33: 90
H34: xx
A35: Ingresos Derivados de Financiamientos | B35: =SUM(B36) -> 0 | C35: =SUM(C36) -> 0 | D35: =SUM(D36) -> 0 | E35: =SUM(E36) -> 0 | F35: =SUM(F36) -> 0 | G35: =SUM(G36) -> 0 | H35: xx
A36: Ingresos Derivados de Financiamientos | B36: 0 | C36: 0 | D36: =B36+C36 -> 0 | E36: 0 | F36: 0 | G36: =F36-B36 -> 0 | H36: 00
A38: Total | B38: =SUM(B35+B29+B19) -> 0 | C38: =SUM(C35+C29+C19) -> 0 | D38: =SUM(D35+D29+D19) -> 0 | E38: =SUM(E35+E29+E19) -> 0 | F38: =SUM(F35+F29+F19) -> 0 | G38: =SUM(G35+G29+G19) -> 0 | H38: xx
E39: Ingresos excedentes | H39: xx
A40: “Bajo protesta de decir verdad declaramos que los Estados Financieros y sus notas, son razonablemente correctos y son responsabilidad del emisor”.
A41: 1 Incluye intereses que generan las cuentas bancarias del Poder Ejecutivo de la Federación, de las Entidades Federativas, así como de los Municipios.
A42: 2 Incluye donativos en efectivo del Poder Ejecutivo, entre otros aprovechamientos.
A43: 3 Otros Ingresos se refiere a los ingresos propios obtenidos por los Poderes Legislativo y Judicial, los Órganos Autónomos y las Entidades de la Administración Pública Paraestatal y Paramunicipal, por sus actividades diversas no inherentes a su operación que generan recursos y que no sean ingresos por venta de bienes o prestación de servicios, tales como donativos en efectivo, entre otros.

Sheet CA
A1: Nombre del ente público Estado Analítico del Ejercicio del Presupuesto de Egresos Clasificación Administrativa Del XXXX al XXXX (Cifras en Pesos)
D2: Egresos | G2: Subejercicio
A3: Concepto | B3: Aprobado | C3: Ampliaciones/ (Reducciones) | D3: Modificado | E3: Devengado | F3: Pagado
A5: Dependencia o Unidad Administrativa 1 | B5: 0 | C5: 0 | D5: =B5+C5 -> 0 | E5: 0 | F5: 0 | G5: =D5-E5 -> 0
A6: Dependencia o Unidad Administrativa 2 | B6: 0 | C6: 0 | D6: =B6+C6 -> 0 | E6: 0 | F6: 0 | G6: =D6-E6 -> 0
A7: Dependencia o Unidad Administrativa 3 | B7: 0 | C7: 0 | D7: =B7+C7 -> 0 | E7: 0 | F7: 0 | G7: =D7-E7 -> 0
A8: Dependencia o Unidad Administrativa 4 | B8: 0 | C8: 0 | D8: =B8+C8 -> 0 | E8: 0 | F8: 0 | G8: =D8-E8 -> 0
B9: 0 | C9: 0 | D9: =B9+C9 -> 0 | E9: 0 | F9: 0 | G9: =D9-E9 -> 0
B10: 0 | C10: 0 | D10: =B10+C10 -> 0 | E10: 0 | F10: 0 | G10: =D10-E10 -> 0
B11: 0 | C11: 0 | D11: =B11+C11 -> 0 | E11: 0 | F11: 0 | G11: =D11-E11 -> 0
B12: 0 | C12: 0 | D12: =B12+C12 -> 0 | E12: 0 | F12: 0 | G12: =D12-E12 -> 0
A13: Total del Egreso | B13: =SUM(B5:B12) -> 0 | C13: =SUM(C5:C12) -> 0 | D13: =SUM(D5:D12) -> 0 | E13: =SUM(E5:E12) -> 0 | F13: =SUM(F5:F12) -> 0 | G13: =SUM(G5:G12) -> 0
A16: Nombre del ente público Estado Analítico del Ejercicio del Presupuesto de Egresos Clasificación Administrativa Del XXXX al XXXX (Cifras en Pesos)
D17: Egresos | G17: Subejercicio
A18: Concepto | B18: Aprobado | C18: Ampliaciones/ (Reducciones) | D18: Modificado | E18: Devengado | F18: Pagado
A20: Poder Ejecutivo | B20: 0 | C20: 0 | D20: =B20+C20 -> 0 | E20: 0 | F20: 0 | G20: =D20-E20 -> 0
A21: Poder Legislativo | B21: 0 | C21: 0 | D21: =B21+C21 -> 0 | E21: 0 | F21: 0 | G21: =D21-E21 -> 0
A22: Poder Judicial | B22: 0 | C22: 0 | D22: =B22+C22 -> 0 | E22: 0 | F22: 0 | G22: =D22-E22 -> 0
A23: Órganos Autónomos | B23: 0 | C23: 0 | D23: =B23+C23 -> 0 | E23: 0 | F23: 0 | G23: =D23-E23 -> 0
A25: Total del Egreso | B25: =SUM(B20:B23) -> 0 | C25: =SUM(C20:C23) -> 0 | D25: =SUM(D20:D23) -> 0 | E25: =SUM(E20:E23) -> 0 | F25: =SUM(F20:F23) -> 0 | G25: =SUM(G20:G23) -> 0
A28: Nombre del ente público Estado Analítico del Ejercicio del Presupuesto de Egresos Clasificación Administrativa Del XXXX al XXXX (Cifras en Pesos)
D29: Egresos | G29: Subejercicio
A30: Concepto | B30: Aprobado | C30: Ampliaciones/ (Reducciones) | D30: Modificado | E30: Devengado | F30: Pagado
A32: Entidades Paraestatales y Fideicomisos No Empresariales y No Financieros | B32: 0 | C32: 0 | D32: =B32+C32 -> 0 | E32: 0 | F32: 0 | G32: =D32-E32 -> 0
A34: Instituciones Públicas de la Seguridad Social | B34: 0 | C34: 0 | D34: =B34+C34 -> 0 | E34: 0 | F34: 0 | G34: =D34-E34 -> 0
A36: Entidades Paraestatales Empresariales No Financieras con Participación Estatal Mayoritaria | B36: 0 | C36: 0 | D36: =B36+C36 -> 0 | E36: 0 | F36: 0 | G36: =D36-E36 -> 0
A38: Fideicomisos Empresariales No Financieros con Participación Estatal Mayoritaria | B38: 0 | C38: 0 | D38: =B38+C38 -> 0 | E38: 0 | F38: 0 | G38: =D38-E38 -> 0
A40: Entidades Paraestatales Empresariales Financieras Monetarias con Participación Estatal Mayoritaria | B40: 0 | C40: 0 | D40: =B40+C40 -> 0 | E40: 0 | F40: 0 | G40: =D40-E40 -> 0
A42: Entidades Paraestatales Empresariales Financieras No Monetarias con Participación Estatal Mayoritaria | B42: 0 | C42: 0 | D42: =B42+C42 -> 0 | E42: 0 | F42: 0 | G42: =D42-E42 -> 0
A44: Fideicomisos Financieros Públicos con Participación Estatal Mayoritaria | B44: 0 | C44: 0 | D44: =B44+C44 -> 0 | E44: 0 | F44: 0 | G44: =D44-E44 -> 0
A46: Entidades Paramunicipales (en sus diferentes clasificaciones) | B46: 0 | C46: 0 | D46: =B46+C46 -> 0 | E46: 0 | F46: 0 | G46: =D46-E46 -> 0
A48: Total del Egreso | B48: =SUM(B32:B46) -> 0 | C48: =SUM(C32:C46) -> 0 | D48: =SUM(D32:D46) -> 0 | E48: =SUM(E32:E46) -> 0 | F48: =SUM(F32:F46) -> 0 | G48: =SUM(G32:G46) -> 0
A50: “Bajo protesta de decir verdad declaramos que los Estados Financieros y sus notas, son razonablemente correctos y son responsabilidad del emisor”

Sheet CTG
A1: Nombre del ente público Estado Analítico del Ejercicio del Presupuesto de Egresos Clasificación Económica por Tipo de Gasto Del XXXX al XXXX (Cifras en Pesos)
D2: Egresos | G2: Subejercicio
A3: Concepto | B3: Aprobado | C3: Ampliaciones/ (Reducciones) | D3: Modificado | E3: Devengado | F3: Pagado
A5: Gasto Corriente | B5: 0 | C5: 0 | D5: =B5+C5 -> 0 | E5: 0 | F5: 0 | G5: =D5-E5 -> 0
A7: Gasto de Capital | B7: 0 | C7: 0 | D7: =B7+C7 -> 0 | E7: 0 | F7: 0 | G7: =D7-E7 -> 0
A9: Amortización de la Deuda y Disminución de Pasivos | B9: 0 | C9: 0 | D9: =B9+C9 -> 0 | E9: 0 | F9: 0 | G9: =D9-E9 -> 0
A11: Pensiones y Jubilaciones | B11: 0 | C11: 0 | D11: =B11+C11 -> 0 | E11: 0 | F11: 0 | G11: =D11-E11 -> 0
A13: Participaciones | B13: 0 | C13: 0 | D13: =B13+C13 -> 0 | E13: 0 | F13: 0 | G13: =D13-E13 -> 0
A15: Total del Egreso | B15: =SUM(B5+B7+B9+B11+B13) -> 0 | C15: =SUM(C5+C7+C9+C11+C13) -> 0 | D15: =SUM(D5+D7+D9+D11+D13) -> 0 | E15: =SUM(E5+E7+E9+E11+E13) -> 0 | F15: =SUM(F5+F7+F9+F11+F13) -> 0 | G15: =SUM(G5+G7+G9+G11+G13) -> 0

Sheet COG
A1: Nombre del ente público Estado Analítico del Ejercicio del Presupuesto de Egresos Clasificación por Objeto del Gasto (Capítulo y Concepto) Del XXXX al XXXX (Cifras en Pesos)
D2: Egresos | G2: Subejercicio
A3: Concepto | B3: Aprobado | C3: Ampliaciones/ (Reducciones) | D3: Modificado | E3: Devengado | F3: Pagado
A4: Servicios Personales | B4: =SUM(B5:B11) -> 0 | C4: =SUM(C5:C11) -> 0 | D4: =B4+C4 -> 0 | E4: =SUM(E5:E11) -> 0 | F4: =SUM(F5:F11) -> 0 | G4: =D4-E4 -> 0
A5: Remuneraciones al Personal de Carácter Permanente | B5: 0 | C5: 0 | D5: =B5+C5 -> 0 | E5: 0 | F5: 0 | G5: =D5-E5 -> 0 | H5: 1100
A6: Remuneraciones al Personal de Carácter Transitorio | B6: 0 | C6: 0 | D6: =B6+C6 -> 0 | E6: 0 | F6: 0 | G6: =D6-E6 -> 0 | H6: 1200
A7: Remuneraciones Adicionales y Especiales | B7: 0 | C7: 0 | D7: =B7+C7 -> 0 | E7: 0 | F7: 0 | G7: =D7-E7 -> 0 | H7: 1300
A8: Seguridad Social | B8: 0 | C8: 0 | D8: =B8+C8 -> 0 | E8: 0 | F8: 0 | G8: =D8-E8 -> 0 | H8: 1400
A9: Otras Prestaciones Sociales y Económicas | B9: 0 | C9: 0 | D9: =B9+C9 -> 0 | E9: 0 | F9: 0 | G9: =D9-E9 -> 0 | H9: 1500
A10: Previsiones | B10: 0 | C10: 0 | D10: =B10+C10 -> 0 | E10: 0 | F10: 0 | G10: =D10-E10 -> 0 | H10: 1600
A11: Pago de Estímulos a Servidores Públicos | B11: 0 | C11: 0 | D11: =B11+C11 -> 0 | E11: 0 | F11: 0 | G11: =D11-E11 -> 0 | H11: 1700
A12: Materiales y Suministros | B12: =SUM(B13:B21) -> 0 | C12: =SUM(C13:C21) -> 0 | D12: =B12+C12 -> 0 | E12: =SUM(E13:E21) -> 0 | F12: =SUM(F13:F21) -> 0 | G12: =D12-E12 -> 0 | H12: 0
A13: Materiales de Administración, Emisión de Documentos y Artículos Oficiales | B13: 0 | C13: 0 | D13: =B13+C13 -> 0 | E13: 0 | F13: 0 | G13: =D13-E13 -> 0 | H13: 2100
A14: Alimentos y Utensilios | B14: 0 | C14: 0 | D14: =B14+C14 -> 0 | E14: 0 | F14: 0 | G14: =D14-E14 -> 0 | H14: 2200
A15: Materias Primas y Materiales de Producción y Comercialización | B15: 0 | C15: 0 | D15: =B15+C15 -> 0 | E15: 0 | F15: 0 | G15: =D15-E15 -> 0 | H15: 2300
A16: Materiales y Artículos de Construcción y de Reparación | B16: 0 | C16: 0 | D16: =B16+C16 -> 0 | E16: 0 | F16: 0 | G16: =D16-E16 -> 0 | H16: 2400
A17: Productos Químicos, Farmacéuticos y de Laboratorio | B17: 0 | C17: 0 | D17: =B17+C17 -> 0 | E17: 0 | F17: 0 | G17: =D17-E17 -> 0 | H17: 2500
A18: Combustibles, Lubricantes y Aditivos | B18: 0 | C18: 0 | D18: =B18+C18 -> 0 | E18: 0 | F18: 0 | G18: =D18-E18 -> 0 | H18: 2600
A19: Vestuario, Blancos, Prendas de Protección y Artículos Deportivos | B19: 0 | C19: 0 | D19: =B19+C19 -> 0 | E19: 0 | F19: 0 | G19: =D19-E19 -> 0 | H19: 2700
A20: Materiales y Suministros Para Seguridad | B20: 0 | C20: 0 | D20: =B20+C20 -> 0 | E20: 0 | F20: 0 | G20: =D20-E20 -> 0 | H20: 2800
A21: Herramientas, Refacciones y Accesorios Menores | B21: 0 | C21: 0 | D21: =B21+C21 -> 0 | E21: 0 | F21: 0 | G21: =D21-E21 -> 0 | H21: 2900
A22: Servicios Generales | B22: =SUM(B23:B31) -> 0 | C22: =SUM(C23:C31) -> 0 | D22: =B22+C22 -> 0 | E22: =SUM(E23:E31) -> 0 | F22: =SUM(F23:F31) -> 0 | G22: =D22-E22 -> 0 | H22: 0
A23: Servicios Básicos | B23: 0 | C23: 0 | D23: =B23+C23 -> 0 | E23: 0 | F23: 0 | G23: =D23-E23 -> 0 | H23: 3100
A24: Servicios de Arrendamiento | B24: 0 | C24: 0 | D24: =B24+C24 -> 0 | E24: 0 | F24: 0 | G24: =D24-E24 -> 0 | H24: 3200
A25: Servicios Profesionales, Científicos, Técnicos y Otros Servicios | B25: 0 | C25: 0 | D25: =B25+C25 -> 0 | E25: 0 | F25: 0 | G25: =D25-E25 -> 0 | H25: 3300
A26: Servicios Financieros, Bancarios y Comerciales | B26: 0 | C26: 0 | D26: =B26+C26 -> 0 | E26: 0 | F26: 0 | G26: =D26-E26 -> 0 | H26: 3400
A27: Servicios de Instalación, Reparación, Mantenimiento y Conservación | B27: 0 | C27: 0 | D27: =B27+C27 -> 0 | E27: 0 | F27: 0 | G27: =D27-E27 -> 0 | H27: 3500
A28: Servicios de Comunicación Social y Publicidad | B28: 0 | C28: 0 | D28: =B28+C28 -> 0 | E28: 0 | F28: 0 | G28: =D28-E28 -> 0 | H28: 3600
A29: Servicios de Traslado y Viáticos | B29: 0 | C29: 0 | D29: =B29+C29 -> 0 | E29: 0 | F29: 0 | G29: =D29-E29 -> 0 | H29: 3700
A30: Servicios Oficiales | B30: 0 | C30: 0 | D30: =B30+C30 -> 0 | E30: 0 | F30: 0 | G30: =D30-E30 -> 0 | H30: 3800
A31: Otros Servicios Generales | B31: 0 | C31: 0 | D31: =B31+C31 -> 0 | E31: 0 | F31: 0 | G31: =D31-E31 -> 0 | H31: 3900
A32: Transferencias, Asignaciones, Subsidios y Otras Ayudas | B32: =SUM(B33:B41) -> 0 | C32: =SUM(C33:C41) -> 0 | D32: =B32+C32 -> 0 | E32: =SUM(E33:E41) -> 0 | F32: =SUM(F33:F41) -> 0 | G32: =D32-E32 -> 0 | H32: 0
A33: Transferencias Internas y Asignaciones al Sector Público | B33: 0 | C33: 0 | D33: =B33+C33 -> 0 | E33: 0 | F33: 0 | G33: =D33-E33 -> 0 | H33: 4100
A34: Transferencias al Resto del Sector Público | B34: 0 | C34: 0 | D34: =B34+C34 -> 0 | E34: 0 | F34: 0 | G34: =D34-E34 -> 0 | H34: 4200
A35: Subsidios y Subvenciones | B35: 0 | C35: 0 | D35: =B35+C35 -> 0 | E35: 0 | F35: 0 | G35: =D35-E35 -> 0 | H35: 4300
A36: Ayudas Sociales | B36: 0 | C36: 0 | D36: =B36+C36 -> 0 | E36: 0 | F36: 0 | G36: =D36-E36 -> 0 | H36: 4400
A37: Pensiones y Jubilaciones | B37: 0 | C37: 0 | D37: =B37+C37 -> 0 | E37: 0 | F37: 0 | G37: =D37-E37 -> 0 | H37: 4500
A38: Transferencias a Fideicomisos, Mandatos y Otros Análogos | B38: 0 | C38: 0 | D38: =B38+C38 -> 0 | E38: 0 | F38: 0 | G38: =D38-E38 -> 0 | H38: 4600
A39: Transferencias a la Seguridad Social | B39: 0 | C39: 0 | D39: =B39+C39 -> 0 | E39: 0 | F39: 0 | G39: =D39-E39 -> 0 | H39: 4700
A40: Donativos | B40: 0 | C40: 0 | D40: =B40+C40 -> 0 | E40: 0 | F40: 0 | G40: =D40-E40 -> 0 | H40: 4800
A41: Transferencias al Exterior | B41: 0 | C41: 0 | D41: =B41+C41 -> 0 | E41: 0 | F41: 0 | G41: =D41-E41 -> 0 | H41: 4900
A42: Bienes Muebles, Inmuebles e Intangibles | B42: =SUM(B43:B51) -> 0 | C42: =SUM(C43:C51) -> 0 | D42: =B42+C42 -> 0 | E42: =SUM(E43:E51) -> 0 | F42: =SUM(F43:F51) -> 0 | G42: =D42-E42 -> 0 | H42: 0
A43: Mobiliario y Equipo de Administración | B43: 0 | C43: 0 | D43: =B43+C43 -> 0 | E43: 0 | F43: 0 | G43: =D43-E43 -> 0 | H43: 5100
A44: Mobiliario y Equipo Educacional y Recreativo | B44: 0 | C44: 0 | D44: =B44+C44 -> 0 | E44: 0 | F44: 0 | G44: =D44-E44 -> 0 | H44: 5200
A45: Equipo e Instrumental Médico y de Laboratorio | B45: 0 | C45: 0 | D45: =B45+C45 -> 0 | E45: 0 | F45: 0 | G45: =D45-E45 -> 0 | H45: 5300
A46: Vehículos y Equipo de Transporte | B46: 0 | C46: 0 | D46: =B46+C46 -> 0 | E46: 0 | F46: 0 | G46: =D46-E46 -> 0 | H46: 5400
A47: Equipo de Defensa y Seguridad | B47: 0 | C47: 0 | D47: =B47+C47 -> 0 | E47: 0 | F47: 0 | G47: =D47-E47 -> 0 | H47: 5500
A48: Maquinaria, Otros Equipos y Herramientas | B48: 0 | C48: 0 | D48: =B48+C48 -> 0 | E48: 0 | F48: 0 | G48: =D48-E48 -> 0 | H48: 5600
A49: Activos Biológicos | B49: 0 | C49: 0 | D49: =B49+C49 -> 0 | E49: 0 | F49: 0 | G49: =D49-E49 -> 0 | H49: 5700
A50: Bienes Inmuebles | B50: 0 | C50: 0 | D50: =B50+C50 -> 0 | E50: 0 | F50: 0 | G50: =D50-E50 -> 0 | H50: 5800
A51: Activos Intangibles | B51: 0 | C51: 0 | D51: =B51+C51 -> 0 | E51: 0 | F51: 0 | G51: =D51-E51 -> 0 | H51: 5900
A52: Inversión Pública | B52: =SUM(B53:B55) -> 0 | C52: =SUM(C53:C55) -> 0 | D52: =B52+C52 -> 0 | E52: =SUM(E53:E55) -> 0 | F52: =SUM(F53:F55) -> 0 | G52: =D52-E52 -> 0 | H52: 0
A53: Obra Pública en Bienes de Dominio Público | B53: 0 | C53: 0 | D53: =B53+C53 -> 0 | E53: 0 | F53: 0 | G53: =D53-E53 -> 0 | H53: 6100
A54: Obra Pública en Bienes Propios | B54: 0 | C54: 0 | D54: =B54+C54 -> 0 | E54: 0 | F54: 0 | G54: =D54-E54 -> 0 | H54: 6200
A55: Proyectos Productivos y Acciones de Fomento | B55: 0 | C55: 0 | D55: =B55+C55 -> 0 | E55: 0 | F55: 0 | G55: =D55-E55 -> 0 | H55: 6300
A56: Inversiones Financieras y Otras Provisiones | B56: =SUM(B57:B63) -> 0 | C56: =SUM(C57:C63) -> 0 | D56: =B56+C56 -> 0 | E56: =SUM(E57:E63) -> 0 | F56: =SUM(F57:F63) -> 0 | G56: =D56-E56 -> 0 | H56: 0
A57: Inversiones Para el Fomento de Actividades Productivas | B57: 0 | C57: 0 | D57: =B57+C57 -> 0 | E57: 0 | F57: 0 | G57: =D57-E57 -> 0 | H57: 7100
A58: Acciones y Participaciones de Capital | B58: 0 | C58: 0 | D58: =B58+C58 -> 0 | E58: 0 | F58: 0 | G58: =D58-E58 -> 0 | H58: 7200
A59: Compra de Títulos y Valores | B59: 0 | C59: 0 | D59: =B59+C59 -> 0 | E59: 0 | F59: 0 | G59: =D59-E59 -> 0 | H59: 7300
A60: Concesión de Préstamos | B60: 0 | C60: 0 | D60: =B60+C60 -> 0 | E60: 0 | F60: 0 | G60: =D60-E60 -> 0 | H60: 7400
A61: Inversiones en Fideicomisos, Mandatos y Otros Análogos | B61: 0 | C61: 0 | D61: =B61+C61 -> 0 | E61: 0 | F61: 0 | G61: =D61-E61 -> 0 | H61: 7500
A62: Otras Inversiones Financieras | B62: 0 | C62: 0 | D62: =B62+C62 -> 0 | E62: 0 | F62: 0 | G62: =D62-E62 -> 0 | H62: 7600
A63: Provisiones para Contingencias y Otras Erogaciones Especiales | B63: 0 | C63: 0 | D63: =B63+C63 -> 0 | E63: 0 | F63: 0 | G63: =D63-E63 -> 0 | H63: 7900
A64: Participaciones y Aportaciones | B64: =SUM(B65:B67) -> 0 | C64: =SUM(C65:C67) -> 0 | D64: =B64+C64 -> 0 | E64: =SUM(E65:E67) -> 0 | F64: =SUM(F65:F67) -> 0 | G64: =D64-E64 -> 0 | H64: 0
A65: Participaciones | B65: 0 | C65: 0 | D65: =B65+C65 -> 0 | E65: 0 | F65: 0 | G65: =D65-E65 -> 0 | H65: 8100
A66: Aportaciones | B66: 0 | C66: 0 | D66: =B66+C66 -> 0 | E66: 0 | F66: 0 | G66: =D66-E66 -> 0 | H66: 8300
A67: Convenios | B67: 0 | C67: 0 | D67: =B67+C67 -> 0 | E67: 0 | F67: 0 | G67: =D67-E67 -> 0 | H67: 8500
A68: Deuda Pública | B68: =SUM(B69:B75) -> 0 | C68: =SUM(C69:C75) -> 0 | D68: =B68+C68 -> 0 | E68: =SUM(E69:E75) -> 0 | F68: =SUM(F69:F75) -> 0 | G68: =D68-E68 -> 0 | H68: 0
A69: Amortización de la Deuda Pública | B69: 0 | C69: 0 | D69: =B69+C69 -> 0 | E69: 0 | F69: 0 | G69: =D69-E69 -> 0 | H69: 9100
A70: Intereses de la Deuda Pública | B70: 0 | C70: 0 | D70: =B70+C70 -> 0 | E70: 0 | F70: 0 | G70: =D70-E70 -> 0 | H70: 9200
A71: Comisiones de la Deuda Pública | B71: 0 | C71: 0 | D71: =B71+C71 -> 0 | E71: 0 | F71: 0 | G71: =D71-E71 -> 0 | H71: 9300
A72: Gastos de la Deuda Pública | B72: 0 | C72: 0 | D72: =B72+C72 -> 0 | E72: 0 | F72: 0 | G72: =D72-E72 -> 0 | H72: 9400
A73: Costo por Coberturas | B73: 0 | C73: 0 | D73: =B73+C73 -> 0 | E73: 0 | F73: 0 | G73: =D73-E73 -> 0 | H73: 9500
A74: Apoyos Financieros | B74: 0 | C74: 0 | D74: =B74+C74 -> 0 | E74: 0 | F74: 0 | G74: =D74-E74 -> 0 | H74: 9600
A75: Adeudos de Ejercicios Fiscales Anteriores (Adefas) | B75: 0 | C75: 0 | D75: =B75+C75 -> 0 | E75: 0 | F75: 0 | G75: =D75-E75 -> 0 | H75: 9900
A76: Total del Egreso | B76: =SUM(B4+B12+B22+B32+B42+B52+B56+B64+B68) -> 0 | C76: =SUM(C4+C12+C22+C32+C42+C52+C56+C64+C68) -> 0 | D76: =SUM(D4+D12+D22+D32+D42+D52+D56+D64+D68) -> 0 | E76: =SUM(E4+E12+E22+E32+E42+E52+E56+E64+E68) -> 0 | F76: =SUM(F4+F12+F22+F32+F42+F52+F56+F64+F68) -> 0 | G76: =SUM(G4+G12+G22+G32+G42+G52+G56+G64+G68) -> 0
A78: “Bajo protesta de decir verdad declaramos que los Estados Financieros y sus notas, son razonablemente correctos y son responsabilidad del emisor”

Sheet CFG
A1: Nombre del Ente Público Estado Analítico del Ejercicio del Presupuesto de Egresos Clasificación Funcional (Finalidad y Función) Del XXXX al XXXX (Cifras en Pesos)
D2: Egresos | G2: Subejercicio
A3: Concepto | B3: Aprobado | C3: Ampliaciones/ (Reducciones) | D3: Modificado | E3: Devengado | F3: Pagado
A5: Gobierno | B5: =SUM(B6:B13) -> 0 | C5: =SUM(C6:C13) -> 0 | D5: =SUM(D6:D13) -> 0 | E5: =SUM(E6:E13) -> 0 | F5: =SUM(F6:F13) -> 0 | G5: =SUM(G6:G13) -> 0
A6: Legislación | B6: 0 | C6: 0 | D6: =B6+C6 -> 0 | E6: 0 | F6: 0 | G6: =D6-E6 -> 0
A7: Justicia | B7: 0 | C7: 0 | D7: =B7+C7 -> 0 | E7: 0 | F7: 0 | G7: =D7-E7 -> 0
A8: Coordinación de la Política de Gobierno | B8: 0 | C8: 0 | D8: =B8+C8 -> 0 | E8: 0 | F8: 0 | G8: =D8-E8 -> 0
A9: Relaciones Exteriores | B9: 0 | C9: 0 | D9: =B9+C9 -> 0 | E9: 0 | F9: 0 | G9: =D9-E9 -> 0
A10: Asuntos Financieros y Hacendarios | B10: 0 | C10: 0 | D10: =B10+C10 -> 0 | E10: 0 | F10: 0 | G10: =D10-E10 -> 0
A11: Seguridad Nacional | B11: 0 | C11: 0 | D11: =B11+C11 -> 0 | E11: 0 | F11: 0 | G11: =D11-E11 -> 0
A12: Asuntos de Orden Público y de Seguridad Interior | B12: 0 | C12: 0 | D12: =B12+C12 -> 0 | E12: 0 | F12: 0 | G12: =D12-E12 -> 0
A13: Otros Servicios Generales | B13: 0 | C13: 0 | D13: =B13+C13 -> 0 | E13: 0 | F13: 0 | G13: =D13-E13 -> 0
A15: Desarrollo Social | B15: =SUM(B16:B22) -> 0 | C15: =SUM(C16:C22) -> 0 | D15: =SUM(D16:D22) -> 0 | E15: =SUM(E16:E22) -> 0 | F15: =SUM(F16:F22) -> 0 | G15: =SUM(G16:G22) -> 0
A16: Protección Ambiental | B16: 0 | C16: 0 | D16: =B16+C16 -> 0 | E16: 0 | F16: 0 | G16: =D16-E16 -> 0
A17: Vivienda y Servicios a la Comunidad | B17: 0 | C17: 0 | D17: =B17+C17 -> 0 | E17: 0 | F17: 0 | G17: =D17-E17 -> 0
A18: Salud | B18: 0 | C18: 0 | D18: =B18+C18 -> 0 | E18: 0 | F18: 0 | G18: =D18-E18 -> 0
A19: Recreación, Cultura y Otras Manifestaciones Sociales | B19: 0 | C19: 0 | D19: =B19+C19 -> 0 | E19: 0 | F19: 0 | G19: =D19-E19 -> 0
A20: Educación | B20: 0 | C20: 0 | D20: =B20+C20 -> 0 | E20: 0 | F20: 0 | G20: =D20-E20 -> 0
A21: Protección Social | B21: 0 | C21: 0 | D21: =B21+C21 -> 0 | E21: 0 | F21: 0 | G21: =D21-E21 -> 0
A22: Otros Asuntos Sociales | B22: 0 | C22: 0 | D22: =B22+C22 -> 0 | E22: 0 | F22: 0 | G22: =D22-E22 -> 0
A24: Desarrollo Económico | B24: =SUM(B25:B33) -> 0 | C24: =SUM(C25:C33) -> 0 | D24: =SUM(D25:D33) -> 0 | E24: =SUM(E25:E33) -> 0 | F24: =SUM(F25:F33) -> 0 | G24: =SUM(G25:G33) -> 0
A25: Asuntos Económicos, Comerciales y Laborales en General | B25: 0 | C25: 0 | D25: =B25+C25 -> 0 | E25: 0 | F25: 0 | G25: =D25-E25 -> 0
A26: Agropecuaria, Silvicultura, Pesca y Caza | B26: 0 | C26: 0 | D26: =B26+C26 -> 0 | E26: 0 | F26: 0 | G26: =D26-E26 -> 0
A27: Combustibles y Energía | B27: 0 | C27: 0 | D27: =B27+C27 -> 0 | E27: 0 | F27: 0 | G27: =D27-E27 -> 0
A28: Minería, Manufacturas y Construcción | B28: 0 | C28: 0 | D28: =B28+C28 -> 0 | E28: 0 | F28: 0 | G28: =D28-E28 -> 0
A29: Transporte | B29: 0 | C29: 0 | D29: =B29+C29 -> 0 | E29: 0 | F29: 0 | G29: =D29-E29 -> 0
A30: Comunicaciones | B30: 0 | C30: 0 | D30: =B30+C30 -> 0 | E30: 0 | F30: 0 | G30: =D30-E30 -> 0
A31: Turismo | B31: 0 | C31: 0 | D31: =B31+C31 -> 0 | E31: 0 | F31: 0 | G31: =D31-E31 -> 0
A32: Ciencia, Tecnología e Innovación | B32: 0 | C32: 0 | D32: =B32+C32 -> 0 | E32: 0 | F32: 0 | G32: =D32-E32 -> 0
A33: Otras Industrias y Otros Asuntos Económicos | B33: 0 | C33: 0 | D33: =B33+C33 -> 0 | E33: 0 | F33: 0 | G33: =D33-E33 -> 0
A35: Otras no Clasificadas en Funciones Anteriores | B35: =SUM(B36:B39) -> 0 | C35: =SUM(C36:C39) -> 0 | D35: =SUM(D36:D39) -> 0 | E35: =SUM(E36:E39) -> 0 | F35: =SUM(F36:F39) -> 0 | G35: =SUM(G36:G39) -> 0
A36: Transacciones de la Deuda Pública / Costo Financiero de la Deuda | B36: 0 | C36: 0 | D36: =B36+C36 -> 0 | E36: 0 | F36: 0 | G36: =D36-E36 -> 0
A37: Transferencias, Participaciones y Aportaciones Entre Diferentes Niveles y Ordenes de Gobierno | B37: 0 | C37: 0 | D37: =B37+C37 -> 0 | E37: 0 | F37: 0 | G37: =D37-E37 -> 0
A38: Saneamiento del Sistema Financiero | B38: 0 | C38: 0 | D38: =B38+C38 -> 0 | E38: 0 | F38: 0 | G38: =D38-E38 -> 0
A39: Adeudos de Ejercicios Fiscales Anteriores | B39: 0 | C39: 0 | D39: =B39+C39 -> 0 | E39: 0 | F39: 0 | G39: =D39-E39 -> 0
A41: Total del Egreso | B41: =SUM(B35+B24+B15+B5) -> 0 | C41: =SUM(C35+C24+C15+C5) -> 0 | D41: =SUM(D35+D24+D15+D5) -> 0 | E41: =SUM(E35+E24+E15+E5) -> 0 | F41: =SUM(F35+F24+F15+F5) -> 0 | G41: =SUM(G35+G24+G15+G5) -> 0
A43: “Bajo protesta de decir verdad declaramos que los Estados Financieros y sus notas, son razonablemente correctos y son responsabilidad del emisor”

Sheet EN
A1: Nombre del Ente Público Endeudamiento Neto Del XXXX al XXXX (Cifras en Pesos)
A2: Identificación de Crédito o Instrumento | B2: Contratación / Colocación | C2: Amortización | D2: Endeudamiento Neto
A3: Créditos Bancarios
A4: Durante el periodo no se obtuvieron créditos. | D4: =+B4-C4 -> 0
D5: =+B5-C5 -> 0
D6: =+B6-C6 -> 0
D7: =+B7-C7 -> 0
D8: =+B8-C8 -> 0
D9: =+B9-C9 -> 0
D10: =+B10-C10 -> 0
D11: =+B11-C11 -> 0
A12: Total Créditos Bancarios | B12: =SUM(B4:B11) -> 0 | C12: =SUM(C4:C11) -> 0 | D12: =SUM(D4:D11) -> 0
A14: Otros Instrumentos de Deuda
A15: Durante el periodo no se tienen instrumentos. | D15: =+B15-C15 -> 0
D16: =+B16-C16 -> 0
D17: =+B17-C17 -> 0
D18: =+B18-C18 -> 0
D19: =+B19-C19 -> 0
D20: =+B20-C20 -> 0
D21: =+B21-C21 -> 0
D22: =+B22-C22 -> 0
D23: =+B23-C23 -> 0
D24: =+B24-C24 -> 0
A25: Total Otros Instrumentos de Deuda | B25: =SUM(B15:B24) -> 0 | C25: =SUM(C15:C24) -> 0 | D25: =SUM(D15:D24) -> 0
A27: TOTAL | B27: =B25+B12 -> 0 | C27: =C25+C12 -> 0 | D27: =D25+D12 -> 0
A29: “Bajo protesta de decir verdad declaramos que los Estados Financieros y sus notas, son razonablemente correctos y son responsabilidad del emisor”

Sheet ID
A1: Nombre del Ente Público Intereses de la Deuda Del XXXX al XXXX (Cifras en Pesos)
A2: Identificación de Crédito o Instrumento | B2: Devengado | C2: Pagado
A3: Créditos Bancarios
A4: Durante el periodo no se obtuvieron créditos.
A11: Total de Intereses de Créditos Bancarios | B11: =SUM(B4:B10) -> 0 | C11: =SUM(C4:C10) -> 0
A13: Otros Instrumentos de Deuda
A14: Durante el periodo no se tienen instrumentos.
A21: Total de Intereses de Otros Instrumentos de Deuda | B21: =SUM(B14:B20) -> 0 | C21: =SUM(C14:C20) -> 0
A23: TOTAL | B23: =B21+B11 -> 0 | C23: =C21+C11 -> 0
A25: “Bajo protesta de decir verdad declaramos que los Estados Financieros y sus notas, son razonablemente correctos y son responsabilidad del emisor”

Sheet GCP
A1: Nombre del Ente Público Gasto por Categoría Programática Del XXXX al XXXX (Cifras en Pesos)
A2: Concepto | B2: Egresos | G2: Subejercicio
B3: Aprobado | C3: Ampliaciones/ (Reducciones) | D3: Modificado | E3: Devengado | F3: Pagado
A5: Programas | B5: =+B6+B9+B18+B22+B25+B30 -> 0 | C5: =+C6+C9+C18+C22+C25+C30 -> 0 | D5: =+D6+D9+D18+D22+D25+D30 -> 0 | E5: =+E6+E9+E18+E22+E25+E30 -> 0 | F5: =+F6+F9+F18+F22+F25+F30 -> 0 | G5: =+G6+G9+G18+G22+G25+G30 -> 0
A6: Subsidios: Sector Social y Privado o Entidades Federativas y Municipios | B6: =SUM(B7:B8) -> 0 | C6: =SUM(C7:C8) -> 0 | D6: =SUM(D7:D8) -> 0 | E6: =SUM(E7:E8) -> 0 | F6: =SUM(F7:F8) -> 0 | G6: =SUM(G7:G8) -> 0 | H6: 0
A7: Sujetos a Reglas de Operación | B7: 0 | C7: 0 | D7: =B7+C7 -> 0 | E7: 0 | F7: 0 | G7: =D7-E7 -> 0 | H7: S
A8: Otros Subsidios | B8: 0 | C8: 0 | D8: =B8+C8 -> 0 | E8: 0 | F8: 0 | G8: =D8-E8 -> 0 | H8: U
A9: Desempeño de las Funciones | B9: =SUM(B10:B17) -> 0 | C9: =SUM(C10:C17) -> 0 | D9: =SUM(D10:D17) -> 0 | E9: =SUM(E10:E17) -> 0 | F9: =SUM(F10:F17) -> 0 | G9: =SUM(G10:G17) -> 0 | H9: 0
A10: Prestación de Servicios Públicos | B10: 0 | C10: 0 | D10: =B10+C10 -> 0 | E10: 0 | F10: 0 | G10: =D10-E10 -> 0 | H10: E
A11: Provisión de Bienes Públicos | B11: 0 | C11: 0 | D11: =B11+C11 -> 0 | E11: 0 | F11: 0 | G11: =D11-E11 -> 0 | H11: B
A12: Planeación, seguimiento y evaluación de políticas públicas | B12: 0 | C12: 0 | D12: =B12+C12 -> 0 | E12: 0 | F12: 0 | G12: =D12-E12 -> 0 | H12: P
A13: Promoción y fomento | B13: 0 | C13: 0 | D13: =B13+C13 -> 0 | E13: 0 | F13: 0 | G13: =D13-E13 -> 0 | H13: F
A14: Regulación y supervisión | B14: 0 | C14: 0 | D14: =B14+C14 -> 0 | E14: 0 | F14: 0 | G14: =D14-E14 -> 0 | H14: G
A15: Funciones de las Fuerzas Armadas (Únicamente Gobierno Federal) | B15: 0 | C15: 0 | D15: =B15+C15 -> 0 | E15: 0 | F15: 0 | G15: =D15-E15 -> 0 | H15: A
A16: Específicos | B16: 0 | C16: 0 | D16: =B16+C16 -> 0 | E16: 0 | F16: 0 | G16: =D16-E16 -> 0 | H16: R
A17: Proyectos de Inversión | B17: 0 | C17: 0 | D17: =B17+C17 -> 0 | E17: 0 | F17: 0 | G17: =D17-E17 -> 0 | H17: K
A18: Administrativos y de Apoyo | B18: =SUM(B19:B21) -> 0 | C18: =SUM(C19:C21) -> 0 | D18: =SUM(D19:D21) -> 0 | E18: =SUM(E19:E21) -> 0 | F18: =SUM(F19:F21) -> 0 | G18: =SUM(G19:G21) -> 0 | H18: 0
A19: Apoyo al proceso presupuestario y para mejorar la eficiencia institucional | B19: 0 | C19: 0 | D19: =B19+C19 -> 0 | E19: 0 | F19: 0 | G19: =D19-E19 -> 0 | H19: M
A20: Apoyo a la función pública y al mejoramiento de la gestión | B20: 0 | C20: 0 | D20: =B20+C20 -> 0 | E20: 0 | F20: 0 | G20: =D20-E20 -> 0 | H20: O
A21: Operaciones ajenas | B21: 0 | C21: 0 | D21: =B21+C21 -> 0 | E21: 0 | F21: 0 | G21: =D21-E21 -> 0 | H21: W
A22: Compromisos | B22: =SUM(B23:B24) -> 0 | C22: =SUM(C23:C24) -> 0 | D22: =SUM(D23:D24) -> 0 | E22: =SUM(E23:E24) -> 0 | F22: =SUM(F23:F24) -> 0 | G22: =SUM(G23:G24) -> 0 | H22: 0
A23: Obligaciones de cumplimiento de resolución jurisdiccional | B23: 0 | C23: 0 | D23: =B23+C23 -> 0 | E23: 0 | F23: 0 | G23: =D23-E23 -> 0 | H23: L
A24: Desastres Naturales | B24: 0 | C24: 0 | D24: =B24+C24 -> 0 | E24: 0 | F24: 0 | G24: =D24-E24 -> 0 | H24: N
A25: Obligaciones | B25: =SUM(B26:B29) -> 0 | C25: =SUM(C26:C29) -> 0 | D25: =SUM(D26:D29) -> 0 | E25: =SUM(E26:E29) -> 0 | F25: =SUM(F26:F29) -> 0 | G25: =SUM(G26:G29) -> 0 | H25: 0
A26: Pensiones y jubilaciones | B26: 0 | C26: 0 | D26: =B26+C26 -> 0 | E26: 0 | F26: 0 | G26: =D26-E26 -> 0 | H26: J
A27: Aportaciones a la seguridad social | B27: 0 | C27: 0 | D27: =B27+C27 -> 0 | E27: 0 | F27: 0 | G27: =D27-E27 -> 0 | H27: T
A28: Aportaciones a fondos de estabilización | B28: 0 | C28: 0 | D28: =B28+C28 -> 0 | E28: 0 | F28: 0 | G28: =D28-E28 -> 0 | H28: Y
A29: Aportaciones a fondos de inversión y reestructura de pensiones | B29: 0 | C29: 0 | D29: =B29+C29 -> 0 | E29: 0 | F29: 0 | G29: =D29-E29 -> 0 | H29: Z
A30: Programas de Gasto Federalizado (Gobierno Federal) | B30: =SUM(B31) -> 0 | C30: =SUM(C31) -> 0 | D30: =SUM(D31) -> 0 | E30: =SUM(E31) -> 0 | F30: =SUM(F31) -> 0 | G30: =SUM(G31) -> 0 | H30: 0
A31: Gasto Federalizado | B31: 0 | C31: 0 | D31: =B31+C31 -> 0 | E31: 0 | F31: 0 | G31: =D31-E31 -> 0 | H31: I
A32: Participaciones a Entidades Federativas y Municipios | B32: 0 | C32: 0 | D32: =B32+C32 -> 0 | E32: 0 | F32: 0 | G32: =D32-E32 -> 0 | H32: C
A33: Costo Financiero, Deuda o Apoyos a Deudores y Ahorradores de la Banca | B33: 0 | C33: 0 | D33: =B33+C33 -> 0 | E33: 0 | F33: 0 | G33: =D33-E33 -> 0 | H33: D
A34: Adeudos de Ejercicios Fiscales Anteriores | B34: 0 | C34: 0 | D34: =B34+C34 -> 0 | E34: 0 | F34: 0 | G34: =D34-E34 -> 0 | H34: H
A36: Total del Egreso | B36: =+B5+B32+B33+B34 -> 0 | C36: =+C5+C32+C33+C34 -> 0 | D36: =+D5+D32+D33+D34 -> 0 | E36: =+E5+E32+E33+E34 -> 0 | F36: =+F5+F32+F33+F34 -> 0 | G36: =+G5+G32+G33+G34 -> 0
A38: “Bajo protesta de decir verdad declaramos que los Estados Financieros y sus notas, son razonablemente correctos y son responsabilidad del emisor”

Sheet Memoria
A1: Nombre del Ente Público | G1: Ejercicio: | H1: 2025
A2: Notas de Memoria | G2: Periodicidad: | H2: Trimestral
A3: Del XXXX al XXXX | G3: Corte: | H3: 1
A4: (Cifras en Pesos)
A5: Notas
A8: Cuenta | B8: Concepto | C8: Saldo Inicial | D8: Cargos del Período | E8: Abonos del Período | F8: Saldo Final | G8: Valores en Custodia | H8: Tasa | I8: Vencimiento | J8: Tipo de Contrato
A9: 7000 | B9: CUENTAS DE ORDEN CONTABLES
A10: 7110 | B10: Valores en Custodia | C10: 0 | D10: 0 | E10: 0 | F10: =C10+D10+E10 -> 0 | G10: =+IF(OR(C10<>0,C11<>0,C12<>0,C13<>0,C14<>0,C15<>0,C16<>0,C17<>0,C18<>0,C19<>0,C20<>0,C21<>0,C22<>0,C23<>0,C24<>0,C25<>0,C26<>0,C27<>0,C28<>0,C29<>0,C30<>0,C31<>0,C32<>0,C33<>0,C34<>0,C35<>0),"","SIN INFORMACIÓN QUE REVELAR") -> SIN INFORMACIÓN QUE REVELAR
A11: 7120 | B11: Custodia de Valores | C11: 0 | D11: 0 | E11: 0 | F11: =C11+D11+E11 -> 0
A12: 7130 | B12: Instrumentos de Crédito Prestados a Formadores de Mercado | C12: 0 | D12: 0 | E12: 0 | F12: =C12+D12+E12 -> 0
A13: 7140 | B13: Préstamo de Instrumentos de Crédito a Formadores de Mercado y su Garantía | C13: 0 | D13: 0 | E13: 0 | F13: =C13+D13+E13 -> 0
A14: 7150 | B14: Instrumentos de Crédito Recibidos en Garantía de los Formadores de Mercado | C14: 0 | D14: 0 | E14: 0 | F14: =C14+D14+E14 -> 0
A15: 7160 | B15: Garantía de Créditos Recibidos de los Formadores de Mercado | C15: 0 | D15: 0 | E15: 0 | F15: =C15+D15+E15 -> 0
A16: 7210 | B16: Autorización para la Emisión de Bonos, Títulos y Valores de la Deuda Pública Interna | C16: 0 | D16: 0 | E16: 0 | F16: =C16+D16+E16 -> 0
A17: 7220 | B17: Autorización para la Emisión de Bonos, Títulos y Valores de la Deuda Pública Externa | C17: 0 | D17: 0 | E17: 0 | F17: =C17+D17+E17 -> 0
A18: 7230 | B18: Emisiones Autorizadas de la Deuda Pública Interna y Externa | C18: 0 | D18: 0 | E18: 0 | F18: =C18+D18+E18 -> 0
A19: 7240 | B19: Suscripción de Contratos de Préstamos y Otras Obligaciones de la Deuda Pública Interna | C19: 0 | D19: 0 | E19: 0 | F19: =C19+D19+E19 -> 0
A20: 7250 | B20: Suscripción de Contratos de Préstamos y Otras Obligaciones de la Deuda Pública Externa | C20: 0 | D20: 0 | E20: 0 | F20: =C20+D20+E20 -> 0
A21: 7260 | B21: Contratos de Préstamos y Otras Obligaciones de la Deuda Pública Interna y Externa | C21: 0 | D21: 0 | E21: 0 | F21: =C21+D21+E21 -> 0
A22: 7310 | B22: Avales Autorizados | C22: 0 | D22: 0 | E22: 0 | F22: =C22+D22+E22 -> 0
... A35: 7640 | B35: Contrato de Comodato por Bienes | C35: 0 | D35: 0 | E35: 0 | F35: =C35+D35+E35 -> 0
A37: 8000 | B37: CUENTAS DE ORDEN PRESUPUESTARIAS
B39: Cuentas de Orden Presupuestarias de Ingresos
B40: Concepto | C40: =H1 -> 2025
A41: 8110 | B41: Ley de Ingresos Estimada | C41: 0
A42: 8120 | B42: Ley de Ingresos por Ejecutar | C42: 0
A43: 8130 | B43: Modificaciones a la Ley de Ingresos Estimada | C43: 0
A44: 8140 | B44: Ley de Ingresos Devengada | C44: 0
A45: 8150 | B45: Ley de Ingresos Recaudada | C45: 0
B48: Cuentas de Orden Presupuestarias de Egresos
B49: Concepto | C49: =H1 -> 2025
A50: 8210 | B50: Presupuesto de Egresos Aprobado | C50: 0
A51: 8220 | B51: Presupuesto de Egresos por Ejercer | C51: 0
A52: 8230 | B52: Modificaciones al Presupuesto de Egresos Aprobado | C52: 0
A53: 8240 | B53: Presupuesto de Egresos Comprometido | C53: 0
A54: 8250 | B54: Presupuesto de Egresos Devengado | C54: 0
A55: 8260 | B55: Presupuesto de Egresos Ejercido | C55: 0
A56: 8270 | B56: Presupuesto de Egresos Pagado | C56: 0
B58: Bajo protesta de decir verdad declaramos que los Estados Financieros y sus notas, son razonablemente correctos y son responsabilidad del emisor.

Sheet IPF
A1: NOMBRE DEL ENTE PUBLICO INDICADORES DE POSTURA FISCAL Del XXXX al XXXX (Cifras en Pesos)
A3: Concepto | C3: Estimado/Aprobado | D3: Devengado | E3: Recaudado/Pagado
A5: I. Ingresos Presupuestarios (I=1+2) | C5: =C6+C7 -> 0 | D5: =D6+D7 -> 0 | E5: =E6+E7 -> 0
B6: 1. Ingresos del Gobierno de la Entidad Federativa 1
B7: 2. Ingresos del Sector Paraestatal 1 | C7: 0 | D7: 0 | E7: 0
A9: II. Egresos Presupuestarios (II=3+4) | C9: =C10+C11 -> 0 | D9: =D10+D11 -> 0 | E9: =E10+E11 -> 0
B10: 3. Egresos del Gobierno de la Entidad Federativa 2
B11: 4. Egresos del Sector Paraestatal 2 | C11: 0 | D11: 0 | E11: 0
A13: III. Balance Presupuestario (Superávit o Déficit) (III = I - II) | C13: =C5-C9 -> 0 | D13: =D5-D9 -> 0 | E13: =E5-E9 -> 0
A15: Concepto | C15: Estimado/Aprobado | D15: Devengado | E15: Recaudado/Pagado
A17: III. Balance Presupuestario (Superávit o Déficit) | C17: =C13 -> 0 | D17: =D13 -> 0 | E17: =E13 -> 0
A19: IV. Intereses, Comisiones y Gastos de la Deuda | C19: 0 | D19: 0 | E19: 0
A21: V. Balance Primario (Superávit o Déficit) (V= III + IV) | C21: =C17+C19 -> 0 | D21: =D17+D19 -> 0 | E21: =E17+E19 -> 0
A23: Concepto | C23: Estimado/Aprobado | D23: Devengado | E23: Recaudado/Pagado
A25: A. Financiamiento
A27: B. Amortización de la deuda
A29: C. Endeudamiento ó desendeudamiento (C = A - B) | C29: =C25-C27 -> 0 | D29: =D25-D27 -> 0 | E29: =E25-E27 -> 0
B31: “Bajo protesta de decir verdad declaramos que los Estados Financieros y sus notas, son razonablemente correctos y son responsabilidad del emisor”
